Workbook
Name choix1: 'Valid données'!$A$1:$A$2
Name choix2: 'Valid données'!$B$1:$B$3
Name choix3: 'Valid données'!$C$1:$C$4
Name choix4: 'Valid données'!$D$1:$D$5
Name choix5: 'Valid données'!$E$1:$E$3
Name COTA: #REF!
Name RéfN4: [1]Réf!$B$100:$F$331

Sheet Lisez-moi
B2: Evaluation de la prise en charge médicamenteuse en HAD
B3: Cette grille doit impérativement être enregistrée au format excel (xls ou xlsx).
B4: Avant propos
B5: Les structures d'hospitalisation à domicile sont soumises aux mêmes exigences que les établissements de santé sur la cadre réglementaire relatif à l'amélioration continue de la qualité et de la sécurité des soins : - Le contrat d'amélioration de la qualité et de l'efficience des soins (CAQES) - La certification HAS "démarche de qualité de la prise en charge médicamenteuse" Le processus de prise en charge en HAD est caractérisé par la multiplicité des étapes de la prise en charge et un nombre d'interfaces important. La pluri-disciplinarité et la coordination entre les acteurs sont souvent complexes. La structure fait intervenir des professionnels hospitaliers et libéraux et est rattachée à une pharmacie à usage intérieure ou une pharmacie d'officine par convention. Les prises en charge peuvent être associées à l'utilisation de médicaments à hauts risques (stupéfiants, chimiothérapies anti-cancéreuses, gaz médicaux...) et impliquent un stockage au domicile du patient. La nécessité d'une organisation bien définie afin de sécuriser la prise en charge médicamenteuse s'impose dans ces structures où chaque étape est associée à un potentiel risque d'erreurs médicamenteuses. La iatrogénie médicamenteuse est à l'origine de 10 000 décès et 130 000 hospitalisations par an en France. L'OMéDIT Normandie et le Qual'va vous proposent un outil permettant d'identifier les risques associés à chaque étape de la prise en charge médicamenteuse en HAD selon le modèle du parcours patient : bilan d'entrée, prescription, dispensation, préparation et administration du médicament au domicile, stockage et bilan de sortie. Il propose également un entretien avec le patient pour s'assurer au plus près du terrain de la compréhension des patients. Il se présente sous la forme d’un audit croisé inter-structures de la prise en charge médicamenteuse sur le secteur HAD et permet de renforcer le rôle et l'implication de chaque professionnel dans la qualité de la prise en charge médicamenteuse en incluant le patient comme acteur de sa prise en charge. Les critères présents dans cet audit ont été constitués selon les exigences de la certification v2020.
B7: Objectifs de l'outil : - réaliser une cartographie des risques sur l'organisation de votre structure, - identifier des points forts et des axes de progrès afin de sécuriser le processus et d'élaborer un plan d'actions d'améliorations personnalisé. L’objectif de l'audit croisé est de : - favoriser l’échange d’expérience dans les domaines de la qualité et de la gestion des risques entre les établissements et les professionnels de santé, - réaliser un état des lieux de la prise en charge médicamenteuse au sein des établissements, - intégrer le patient dans cette démarche.
B9: Mode d'emploi
B10: Documents mis à disposition = kit audité auditeur : Protocole d’audit Fiche signalétique Grille d’audit Programme de la journée Check-list Préparation de l’établissement audité Fiche pratique pour l’auditeur Charte de l'auditeur Notice d'information patient Receuil de consentement Feuille d'émargement
B12: Informations générales : Les auditeurs commencent par remplir les données dans "Informations générales".
B14: Grilles : Cette évaluation s'adresse aux structures d'HAD rattachées ou non à une PUI. L'outil comprend 2 grilles : • 1ère grille en "Auto évaluation" : La structure complète cette partie en présence des interlocuteurs identifiés en amont du passage des auditeurs externes. Les auditeurs pourront vérifier la cohérence de certains points de la partie auto évaluation à leur guise. Elle comprend 4 parties : - Management de la qualité de la prise en charge médicamenteuse - Gestion des erreurs médicamenteuses - Informatisation - Formation et sensibilisation
B15: • 2ème grille « Audit croisé » : Cette partie est remplie par un binôme d'auditeurs externes à la structure. Il est conseillé de rester le plus possible en binôme pour l'audit mais certaines parties peuvent être effectuée de façon individuel en fonction du programme de la journée. Elle comprend 7 parties : - Bilan d’admission - Prescriptions - Dispensation à la pharmacie : passage des auditeurs externes à la pharmacie - Domicile du patient : Administration et suivi thérapeutique (préparation, administration, élimination des médicaments) - Logistique : stockage à la structure HAD ou au domicile - Organisation - Bilan de sortie
B16: Situations à risque : L'audit inclue également des critères faisant référence à des situations à risque concernant l'utilisation de certains médicaments afin d'en évaluer la mise en oeuvre réelle sur le terrain. Ces critères sont représentatifs du circuit du médicament et des produits de santé de certaines prises en charge à haut risque en HAD qui peuvent être révélateurs d'un défaut de processus et qui doivent être sécurisés de façon pioritaires pour la prise en chage du patient. Au total, quatre situations ciblées ont été choisis :
B17: La prise en charge médicamenteuse via une analgésie controlée par le patient, nommé "PCA" dans la grille et repéré par une couleur rose
... B69: Bonnes pratiques de perfusion, module "Analgésie contrôlée par le patient", OMéDIT Centre et haute Normandie, 2013

Sheet Informations générales
B6: Evaluation de la prise en charge médicamenteuse en HAD
B8: Informations générales
B10: Nom de l'HAD :
B12: Date de l'audit en autoévaluation : (xx/xx/20xx)
B14: Date de l'audit croisé: (xx/xx/20xx)
B16: Nom des auditeurs :

Sheet Grille autoévaluation
A3: Grille d'auto-évaluation de la prise en charge médicamenteuse en HAD
A4: N° | B4: Traceur ciblé | C4: Critères | D4: Oui En grande partie Partiellement/ Non/ +/- Non applicable | E4: Interlocuteurs | F4: Eléments de preuve | G4: Commentaires
A5: MANAGEMENT DE LA QUALITE DE LA PRISE EN CHARGE MEDICAMENTEUSE | I5: =COUNTA(C6:C22)-COUNTIF(D6:D22,"NA")-COUNTIF(D6:D22,"") -> 0
A6: 1 | C6: Il existe une politique d'amélioration de la qualité et de la sécurité de la prise en charge médicamenteuse | E6: Direction RSMQPECM | F6: *Politique institutionnelle formalisée ou indication de la politique dans le manuel qualité de la PECM/ projet d'établissement *Engagement du représentant légal de l'établissement *Engagement du président de CME/CfME *Dispositions spécifiques à l'HAD (pour les HAD rattachées à un établissement) | H6: =IF(D6="Oui",1,IF(D6="Non",0,IF(D6="en grande partie",0.75,IF(D6="Partiellement",0.25,0)))) -> 0
A7: 2 | C7: Des indicateurs sont définis et suivis, en lien avec la politique et la gestion des risques de la PECM de la structure | E7: Direction Responsable PECM RSMQPECM | F7: *Indicateurs enregistrés et suivis *Compte qualité ou CAQES mis à jour | H7: =IF(D7="Oui",1,IF(D7="Non",0,IF(D7="en grande partie",0.75,IF(D7="Partiellement",0.25,0)))) -> 0
A8: 3 | C8: Les responsabilités et le rôle de chaque acteur dans la prise en charge du patient sont formalisés y compris les collaborations avec les professionnels libéraux | E8: Direction RSMQPECM | F8: *Manuel qualité de la PECM *Procédure circuit du médicament spécifique HAD (pour les HAD rattachées à un établissement) précisant notament les coopérations /collaborations entre IDE/AS sur l'aide à la prise par l'aide soignant '*Accords signés pour les médecins *Conventions types (EHPAD, SSIAD) * Tableau de suivi des conventions avec officines | H8: =IF(D8="Oui",1,IF(D8="Non",0,IF(D8="en grande partie",0.75,IF(D8="Partiellement",0.25,0)))) -> 0
A9: 4 | C9: Les missions du responsable de management de la qualité de la PECM sont définies | E9: Direction RSMQPECM | F9: *Fiche de mission du RSMQ (si structure) ou référent qualité (si pharmacie d'officine conventionnée) | H9: =IF(D9="Oui",1,IF(D9="Non",0,IF(D9="en grande partie",0.75,IF(D9="Partiellement",0.25,0)))) -> 0
A10: 5 | C10: L'HAD organise ou participe régulièrement à des réunions de coordination impliquant tous les partenaires | E10: Direction RSMQPECM | F10: *CR des réunions de coordination / COMEDIMS / sous-commissions spécifiques | H10: =IF(D10="Oui",1,IF(D10="Non",0,IF(D10="en grande partie",0.75,IF(D10="Partiellement",0.25,0)))) -> 0
A11: 6 | C11: Il existe une cartographie des risques à toutes les étapes de la prise en charge médicamenteuse et sur les dispositifs médicaux | E11: RSMQPECM | F11: *Cartographie des risques liés à la prise en charge médicamenteuse et/ou Interdiag et/ou Analyse processus Dispositifs médicaux : (stockage, transport, désinfection, maintenance , sécurisation …) Etapes La prescription (y compris la gestion du traitement personnel à l'admission et à la prescription de sortie) La dispensation La préparation L'approvisionnement La détention et le stockage au sein de la PUI et au domicile Le transport L'information du patient L'administration / L'auto-gestion La surveillance du patient | H11: =IF(D11="Oui",1,IF(D11="Non",0,IF(D11="en grande partie",0.75,IF(D11="Partiellement",0.25,0)))) -> 0
A12: 7 | C12: L'HAD a identifié des médicaments à risque, des situations à risque et des patients à risque et mis en place des dispositions spécifiques de prescription / gestion / préparation / administration et d'identification | E12: RSMQPECM | F12: *Identification et organisation spécifique pour des catégories de patients à risques spécifique HAD : âge > 75 ans, patient polymédiqué, dénutri, insuffisant rénal, insuffisant hépatique, insuffisant cardiaque... *Exemples de situations à risque : patient seul au domicile, conjoint dément, conditions d'hébergements précaires, animaux au domicile, difficultés d'accès au domicile, problèmes sociaux économiques... *Exemples de médicaments à risque : chimiothérapies orales et injectables, anticoagulants, chlorure de potassium injectable, méthotrexate oral, insuline, gaz à usage médical (médicaments à marge thérapeutique étroite ou inhabituel)... * Protocoles spécifiques de prise en charge | H12: =IF(D12="Oui",1,IF(D12="Non",0,IF(D12="en grande partie",0.75,IF(D12="Partiellement",0.25,0)))) -> 0
A13: 8 | C13: L'HAD met à disposition des outils actualisés et validés sur le médicament pour les professionnels | E13: Direction RSMQPECM | F13: *Accès à au moins une des bases de données sur les médicaments agréée par le HAS (Base Vidal, Base Thériaque, Base Thésorimed, Base Claude Bernard...) *Liste des médicaments à ne pas écraser et gélules à ne pas ouvrir *Autre : document, outil informatique - guide d'usage d'équipement - précautions d'usage des fluides médicaux - grilles / check list pour sécurisation de préparation/administration '*Modalités de mise à disposition à domicile | H13: =IF(D13="Oui",1,IF(D13="Non",0,IF(D13="en grande partie",0.75,IF(D13="Partiellement",0.25,0)))) -> 0
A14: 9 | B14: CHIMIO | C14: Il existe un protocole sur les chimiothérapies anti-cancéreuses injectables et orales en HAD | E14: RSMQPECM | F14: *Rreprend la prescription, le transport, la préparation, la manipulation, l'administration, la surveillance, l'élimination et les conduites à tenir en cas d'évènements ou d'effets indésirables liées à la manipulation et à l'administration de chimiothérapies anti-cancéreuses y compris en cas de casses, fuites... Guide : remplir "NA" si jamais de prise en charge de patients sous chimiothérapies anti-cancéreuses dans l'HAD | H14: =IF(D14="Oui",1,IF(D14="Non",0,IF(D14="en grande partie",0.75,IF(D14="Partiellement",0.25,0)))) -> 0
A15: 10 | B15: STUP | C15: Il existe un protocole sur les stupéfiants en HAD | E15: RSMQPECM | F15: *Reprend la prescription, la préparation, le transport, l'administration, le stockage au domicile du patient (malette sécurisée) et les conduites à tenir en cas d'évènements ou d'effets indésirables liées aux stupéfiants… | H15: =IF(D15="Oui",1,IF(D15="Non",0,IF(D15="en grande partie",0.75,IF(D15="Partiellement",0.25,0)))) -> 0
A16: 11 | B16: PCA | C16: Il existe un protocole sur l'utilisation des PCA en HAD | E16: RSMQPECM | F16: *Reprend la table d'équianalgésie des morphiniques forts, la CAT en cas d'effets secondaires, le protocole de PEC de surdosage aux opiacés, le protocole antidote "Naloxone"… | H16: =IF(D16="Oui",1,IF(D16="Non",0,IF(D16="en grande partie",0.75,IF(D16="Partiellement",0.25,0)))) -> 0
A17: 12 | B17: MEOPA | C17: Il existe un protocole pour l'utilisation du MEOPA | E17: RSMQPECM | F17: *Reprend la prescription, le transport, l'administration, le stockage au domicile du patient, les éléments de surveillance et les conduites à tenir en cas d'évènements ou d'effets indésirables Guide : Remplir "NA" si jamais de prise en charge de patients sous MEOPA dans l'HAD | H17: =IF(D17="Oui",1,IF(D17="Non",0,IF(D17="en grande partie",0.75,IF(D17="Partiellement",0.25,0)))) -> 0
A18: 13 | C18: Il existe une conduite à tenir en cas d'urgence liée à la prise en charge médicamenteuse | E18: RSMQPECM | F18: *Document qualité actualisé et validé régulièrement *Rôle de chaque professionnel *ex : : détresse respiratoire sous opiacé, médicaments à risque et antidotes… | H18: =IF(D18="Oui",1,IF(D18="Non",0,IF(D18="en grande partie",0.75,IF(D18="Partiellement",0.25,0)))) -> 0
A19: 14 | C19: Un outil de coordination est mis à disposition à l'ensemble des professionnels en charge du patient | E19: Direction RSMQPECM | F19: *réunions pluri-professionnelles, dossier commun, messagerie sécurisée, plateforme dédiée, logiciel commun… *Tous les professionnels, médecin traitant, médecin coordonnateur, IDE cpordonnateur, IDE libéral, pharmacien, préparateur en pharmacie (professionnels hospitaliers ou libéraux)… | H19: =IF(D19="Oui",1,IF(D19="Non",0,IF(D19="en grande partie",0.75,IF(D19="Partiellement",0.25,0)))) -> 0
A20: 15 | C20: Les modalités de communication entre le médecin traitant et le médecin coordonnateur sont définies | E20: Médecin coordonnateur Médecin traitant RSMQPECM | F20: *dossier commun, messagerie sécurisée, logiciel commun… | H20: =IF(D20="Oui",1,IF(D20="Non",0,IF(D20="en grande partie",0.75,IF(D20="Partiellement",0.25,0)))) -> 0
A21: 16 | C21: Une procédure décrit les modalités d'organisation de la prescription entre le médecin traitant et le médecin coordonnateur | E21: Médecin coordonnateur Médecin traitant RSMQPECM | F21: *Procédure existante et médecin traitant informé | H21: =IF(D21="Oui",1,IF(D21="Non",0,IF(D21="en grande partie",0.75,IF(D21="Partiellement",0.25,0)))) -> 0
A22: 17 | C22: Un dispositif de sensibilisation aux interruptions de tâches lors de la prise en charge médicamenteuse lors de la préparation des médicaments est déployé dans la structure | E22: Direction RSMQPECM | F22: *Documents présentant le dispositif en place (compte-rendus de réunions, feuilles d'émargement des sensibilisations, diaporamas de sensibilisation, résultats d'audits, etc…), locaux et temps dédiés (salle de préparation des PCA) | H22: =IF(D22="Oui",1,IF(D22="Non",0,IF(D22="en grande partie",0.75,IF(D22="Partiellement",0.25,0)))) -> 0
A23: GESTION DES ERREURS MEDICAMENTEUSES | I23: =COUNTA(C24:C29)-COUNTIF(D24:D29,"NA")--COUNTIF(D24:D29,"") -> 12
A24: 18 | C24: Il existe une charte d'incitation au signalement des erreurs médicamenteuses validée par la structure et connue des professionnels | E24: Direction RSMQPECM | F24: *Charte d'incitation au signalement par la direction et les professionnels | H24: =IF(D24="Oui",1,IF(D24="Non",0,IF(D24="en grande partie",0.75,IF(D24="Partiellement",0.25,0)))) -> 0
A25: 19 | C25: Des réunions d'analyse des erreurs médicamenteuses sont réalisées entre médecins, pharmacien et infirmiers (salariés et libéraux) intervenant dans la prise en charge du patient | E25: RSMQPECM | F25: *CR des CREX (au moins 1 CREX par an) *Pluri disciplinaire : Participation au CREX d'au moins 1 professionnel de chaque métier *Invitation de partenaires libéraux | H25: =IF(D25="Oui",1,IF(D25="Non",0,IF(D25="en grande partie",0.75,IF(D25="Partiellement",0.25,0)))) -> 0
A26: 20 | C26: Les médecins, infirmiers et le pharmacien sont prévenus en cas d'erreurs et destinataires des retours d'expérience suite à l'analyse des EI. | E26: Direction RSMQPECM | F26: Entretien '*Réunions organisées, lettres d'information, autre (préciser) *Actions d'améliorations mises en place et diffusées | H26: =IF(D26="Oui",1,IF(D26="Non",0,IF(D26="en grande partie",0.75,IF(D26="Partiellement",0.25,0)))) -> 0
A27: 21 | C27: Les EIG médicamenteux sont signalés à l'ARS via le portail de signalement des événements sanitaires indésirables (https://signalement.social-sante.gouv.fr/psig_ihm_utilisateurs/index.html#/accueil) | E27: Direction RSMQPECM | F27: *Procédure de signalement des EIG EIG : événement indésirable grave associé à des soins (...) est un événement inattendu au regard de l'état de santé et de la pathologie de la personne et dont les conséquences sont le décès, la mise en jeu du pronostic vital, la survenue probable d'un déficit fonctionnel permanent y compris une anomalie ou une malformation congénitale. | H27: =IF(D27="Oui",1,IF(D27="Non",0,IF(D27="en grande partie",0.75,IF(D27="Partiellement",0.25,0)))) -> 0
A28: 22 | C28: Les effets indésirables médicamenteux sont signalés au Centre Régional de Pharmacovigilance (CRPV) et les prescripteurs sont informés. | E28: Médecin coordonnateur Pharmacien RSMQPECM | F28: *Faire le constat d'exemples de déclarations réalisées au CRPV | H28: =IF(D28="Oui",1,IF(D28="Non",0,IF(D28="en grande partie",0.75,IF(D28="Partiellement",0.25,0)))) -> 0
A29: 23 | C29: Parmi les actions d'amélioration, la structure a priorisé la prévention des "Never Events médicamenteux" | E29: Direction RSMQPECM | F29: *Programme d'actions des never events médicamenteux avec hiérarchisation adaptée aux risques de la structure pour HAD avec PUI, y compris formation (e-learning par exemple) Les Never Events médicamenteux sont répertoriés dans une liste élaborée par l'ANSM et représentent 12 événements indésirables qui ne devraient jamais arriver : https://www.ansm.sante.fr/Dossiers/Securite-du-medicament-a-l-hopital/Les-evenements-qui-ne-devraient-jamais-arriver-Never-Events/(offset)/0 | H29: =IF(D29="Oui",1,IF(D29="Non",0,IF(D29="en grande partie",0.75,IF(D29="Partiellement",0.25,0)))) -> 0
A30: INFORMATISATION | I30: =COUNTA(C31:C33)-COUNTIF(D31:D33,"NA") -> 3
A31: 24 | C31: L'HAD dispose d'un support unique sécurisé par un identifiant et un mot de passe confidentiel et reservé à chaque prescripteur | E31: Direction RSMQPECM | F31: *Logiciel *Protocole de soin, prescription, administration des médicaments *Visualiser l'organisation du système d'informations, la charte informatique | H31: =IF(D31="Oui",1,IF(D31="Non",0,IF(D31="en grande partie",0.75,IF(D31="Partiellement",0.25,0)))) -> 0
A32: 25 | C32: L'HAD met à disposition des moyens dédiés qui permettent de tracer l'administration des médicaments à domicile | E32: Direction RSMQPECM | F32: *Feuille de traçabilité dédiée prescription/administration, systèmes informatiques disponibles pour les professionnels pour la traçabilité en temps réel à domicile | H32: =IF(D32="Oui",1,IF(D32="Non",0,IF(D32="en grande partie",0.75,IF(D32="Partiellement",0.25,0)))) -> 0
A33: 26 | C33: Un protocole décrit la conduite à tenir (procédure dégradée) en cas d'impossibilité d'accéder au logiciel informatique de soins ou de prescription (panne informatique, panne réseau...) et est connu par les professionnels | E33: Direction RSMQPECM | F33: *Document qualité (procédures/protocoles) Guide : remplir "NA" si pas d'utilisation de logiciel | H33: =IF(D33="Oui",1,IF(D33="Non",0,IF(D33="en grande partie",0.75,IF(D33="Partiellement",0.25,0)))) -> 0
A34: FORMATION ET SENSIBILISATION | I34: =COUNTA(C35:C40)-COUNTIF(D35:D40,"NA")-COUNTIF(D35:D40,"") -> 0
A35: 27 | C35: Tous les nouveaux arrivants ont bénéficié d'une formation sur les modalités de la PECM de l'HAD (guide du nouvel arrivant) | E35: Direction RSMQPECM | F35: *Plan de formation des nouveaux arrivants *programme/support des journées d'intégration pour chaque catégorie professionnelle, livret d'accueil disponible *Formation e-learning, orale ou écrite | H35: =IF(D35="Oui",1,IF(D35="Non",0,IF(D35="en grande partie",0.75,IF(D35="Partiellement",0.25,0)))) -> 0
A36: 28 | C36: Une évaluation des connaissances lors de la formation des nouveaux arrivants en HAD est réalisée | E36: Direction RSMQPECM | F36: *Formulaire d'évaluation des connaissances de fin de formation (quiz, …), accompagnement par binome… | H36: =IF(D36="Oui",1,IF(D36="Non",0,IF(D36="en grande partie",0.75,IF(D36="Partiellement",0.25,0)))) -> 0
A37: 29 | C37: Des formations avec une réactualisation régulière des connaissances sont proposées aux professionnels sur la prise en charge médicamenteuse | E37: Direction RSMQPECM | F37: *Plan de formation *Formation continue *Renouvellement des formations au minimum tous les 2 ans *Différents thèmes proposés (hygiène, DASRI, médicaments…) | H37: =IF(D37="Oui",1,IF(D37="Non",0,IF(D37="en grande partie",0.75,IF(D37="Partiellement",0.25,0)))) -> 0
A38: 30 | B38: CHIMIO | C38: L'HAD a organisé la formation et la sensibilisation des professionnels à la manipulation des cytotoxiques injectables et per os | E38: Direction RSMQPECM | F38: *Plan de formation et supports de formation, ateliers pratiques pour la manipulation et la gestion des cytotoxiques *Formation renouvelée a minima tous les 2 ans et actualisée Guide : remplir "NA" si jamais de prise en charge de patients sous chimiothérapies anti-cancéreuses dans l'HAD | H38: =IF(D38="Oui",1,IF(D38="Non",0,IF(D38="en grande partie",0.75,IF(D38="Partiellement",0.25,0)))) -> 0
A39: 31 | B39: PCA | C39: L'HAD a organisé la formation des professionnels à l'utilisation des PCA | E39: Direction RSMQPECM | F39: *Plan de formation et supports de formation, ateliers pratiques pour la manipulation et la gestion des PCA *Formation renouvelée a minima tous les 2 ans et actualisée | H39: =IF(D39="Oui",1,IF(D39="Non",0,IF(D39="en grande partie",0.75,IF(D39="Partiellement",0.25,0)))) -> 0
A40: 32 | B40: MEOPA | C40: L'HAD a organisé la formation et la sensibilisation des professionnels à l'utilisation du MEOPA | E40: Direction RSMQPECM | F40: *Plan de formation et supports de formation à la manipulation des bouteilles de MEOPA *Formation renouvelée a minima tous les 2 ans et actualisée *Pas d'administration par du personnel non formé Guide : Remplir "NA" si jamais de prise en charge de patients sous MEOPA dans l'HAD | H40: =IF(D40="Oui",1,IF(D40="Non",0,IF(D40="en grande partie",0.75,IF(D40="Partiellement",0.25,0)))) -> 0

Sheet Grille audit croisé
A2: Grille d'audit croisé de la prise en charge médicamenteuse en HAD
A3: N° | B3: Traceur ciblé | C3: Critères | D3: Oui En grande partie Partiellement/ Non/ +/- Non applicable | E3: Interlocuteurs | F3: Eléments de preuve | G3: Commentaires
A4: BILAN D'ADMISSION | J4: =COUNTA(C5:C17)-COUNTIF(D5:D17,"NA")-COUNTIF(D5:D17,"") -> 0
A5: 1 | C5: Les critères d'admission à la HAD sont définis, inscrits dans un protocole et connus des professionnels de l'HAD | E5: Direction Médecin coordonnateur | F5: Entretien et constat *Document relatif à la demande d'admission en HAD | H5: =IF(D5="Oui",1,IF(D5="Non",0,IF(D5="en grande partie",0.75,IF(D5="Partiellement",0.25,0)))) -> 0
A6: 2 | C6: Le médecin coordonnateur évalue la pertinence de la prescription d'HAD | E6: Médecin coordonnateur | F6: Entretien *Critères relatifs à l'admission respectées | H6: =IF(D6="Oui",1,IF(D6="Non",0,IF(D6="en grande partie",0.75,IF(D6="Partiellement",0.25,0)))) -> 0
A7: 3 | C7: Le médecin traitant est contacté pour information et accord de la prise en charge de son patient en HAD | E7: Médecin coordonnateur | F7: Entretien et constat *Accord du médecin traitant tracé dans le dossier du patient | H7: =IF(D7="Oui",1,IF(D7="Non",0,IF(D7="en grande partie",0.75,IF(D7="Partiellement",0.25,0)))) -> 0
A8: 4 | C8: Le dossier du patient (ou autre support institutionnel) permet de recueillir l'identité des professionnels en charge du patient (ville et hôpital) | E8: Direction RSMQPECM | F8: Entretien et constat *Fiche de recueil des données ou place de l'information dans le dossier ou fiche de liaison | H8: =IF(D8="Oui",1,IF(D8="Non",0,IF(D8="en grande partie",0.75,IF(D8="Partiellement",0.25,0)))) -> 0
A9: 5 | C9: Le médecin coordonnateur demande un bilan des médicaments du patient à son admission en HAD (ou une conciliation médicamenteuse est présente) | E9: Médecin coordonnateur Pharmacien | F9: Entretien et constat *Visualisation des ordonnances du patient, de la conciliation de sortie (ES) ou du bilan partagé de médication (ville) | H9: =IF(D9="Oui",1,IF(D9="Non",0,IF(D9="en grande partie",0.75,IF(D9="Partiellement",0.25,0)))) -> 0
A10: 6 | C10: Une évaluation initiale dès l'admission des aptitudes des patients et /ou de l'entourage (degré d'autonomie) et des capacités d'observance à l'aide d'une grille d'évaluation est réalisée | E10: Médecin coordonnateur IDE coordonnateur | F10: Entretien et constat *Décision partagée en équipe, tracée dans le dossier et fait l'objet d'une réévaluation périodique *Visualiser le protocole définissant les modalités d’administration des médicaments per-os à domicile selon le degré d'autonomie du patient : préparation et administration par le patient ; préparation par l’entourage et administration par le patient ; préparation et administration avec l’entourage ; préparation par un IDE et administration par le patient et/ou avec l’entourage ; préparation par un IDE et administration par un IDE ; préparation par un IDE et administration avec l’aide d’un professionnel habilité (AS, AVS). | H10: =IF(D10="Oui",1,IF(D10="Non",0,IF(D10="en grande partie",0.75,IF(D10="Partiellement",0.25,0)))) -> 0
A11: 7 | C11: Les capacités de déglutition du patient sont déterminées à l'entrée, indiquées dans le dossier, réévaluées régulièrement et sont prises en compte pour la prescription des traitements | E11: Médecin coordonnateur | F11: Entretien et constat *Visualiser le protocole définissant l'évaluation des capacités de déglutition *Visualiser un dossier patient avec réévaluation durant le séjour (note de l'IDE ...) *Visualiser des prescriptions de médicaments adaptés aux capacités de déglutition si besoin (ex : solutions buvables, médicaments écrasables...) | H11: =IF(D11="Oui",1,IF(D11="Non",0,IF(D11="en grande partie",0.75,IF(D11="Partiellement",0.25,0)))) -> 0
A12: 8 | C12: Une évaluation de la douleur est réalisée à l'entrée pour les patients le nécessitant et réévaluée selon une échelle validée et identique à chaque passage | E12: Médecin coordonnateur | F12: Entretien et constat *Document qualité validé et réactualisé régulièrement *Visualiser un dossier avec des réévaluations tracées et précision de l'échelle utilisée Guide ; Remplir "Non" si évaluation réalisée avec des échelles différentes | H12: =IF(D12="Oui",1,IF(D12="Non",0,IF(D12="en grande partie",0.75,IF(D12="Partiellement",0.25,0)))) -> 0
A13: 9 | C13: La taille, le poids et la fonction rénale du patient sont tracés dans le dossier et réévalués régulièrement | E13: Médecin coordonnateur | F13: Entretien et constat *Document qualité validé et réactualisé régulièrement *Visualiser un dossier avec taille, poids, fonction rénale précisés et réévaluations tracées | H13: =IF(D13="Oui",1,IF(D13="Non",0,IF(D13="en grande partie",0.75,IF(D13="Partiellement",0.25,0)))) -> 0
A14: 10 | C14: Il existe une organisation pour informer le patient/l'aidant sur le bon usage des médicament dans les situations le nécessitant (à l'entrée, lors de modifications de traitements, à la sortie etc...) | E14: Médecin coordonnateur RSMQPECM | F14: Entretien *Documentation remise au patient (supports d'information, plaquettes, dépliants etc…) | H14: =IF(D14="Oui",1,IF(D14="Non",0,IF(D14="en grande partie",0.75,IF(D14="Partiellement",0.25,0)))) -> 0
A15: 11 | B15: CHIMIO | C15: L'éligibilité de la prise en charge des patients atteints de cancers en HAD a été déterminée après administration d'une 1ère cure en HDJ et validation du thésaurus régional des chimiothérapies injectables selon la faisabilité du protocole en HAD | E15: Médecin coordonnateur RSMQPECM | F15: Entretien et constat *Visualisation du protocole/Document qualité validé et réactualisé régulièrement *Visualiser un dossier avec des chimiothérapies injectables Guide : remplir "NA" si jamais de prise en charge de patients sous chimiothérapies anti-cancéreuses dans l'HAD | H15: =IF(D15="Oui",1,IF(D15="Non",0,IF(D15="en grande partie",0.75,IF(D15="Partiellement",0.25,0)))) -> 0
A16: 12 | C16: La vérification de la présence de toutes les ordonnances pour l'initiation du traitement au domicile du patient est effectuée | E16: Médecin coordonnateur IDE coordonnateur | F16: Entretien et constat *Médicaments et dispositifs médicaux *Visualiser un dossier | H16: =IF(D16="Oui",1,IF(D16="Non",0,IF(D16="en grande partie",0.75,IF(D16="Partiellement",0.25,0)))) -> 0
A17: 13 | C17: Les médicaments et dispositifs médicaux nécessaires à la prise en charge en HAD sont transmis à la pharmacie en amont de la prise en charge | E17: IDE coordonnateur | F17: Entretien et constat *Médicaments et dispositifs médicaux pour l'anticipation des besoins | H17: =IF(D17="Oui",1,IF(D17="Non",0,IF(D17="en grande partie",0.75,IF(D17="Partiellement",0.25,0)))) -> 0
A18: PRESCRIPTIONS | J18: =COUNTA(C19:C32)-COUNTIF(D19:D32,"NA")-COUNTIF(D19:D32,"") -> 0
A19: 14 | C19: Les outils d'aide à la prescription pour l'HAD sont actualisés, validés et mis à disposition du médecin traitant par l'HAD | E19: RSMQPECM Médecin coordonateur Pharmacien | F19: Entretien et constat *Livret pharmaceutique disponible et mis à disposition alternatives proposées *Accès à une base validée par la HAS (Base Vidal, Base Thériaque, Base Théorie, Base Claude Bernard) * Liste des médicaments à ne pas écraser et gélules à ne pas ouvrir * Liste des alternatives possibles : formes buvables, principe actif équivalent * Autre : document, guide, outil informatique- guide d'usage d'équipement - précautions d'usage des fluides médicaux - grille check list pour sécurisation de préparation/administration | H19: =IF(D19="Oui",1,IF(D19="Non",0,IF(D19="en grande partie",0.75,IF(D19="Partiellement",0.25,0)))) -> 0
A20: 15 | C20: Les prescriptions sont réalisées sur un support unique de prescription/administration | E20: RSMQPECM Médecin coordonateur Pharmacien | F20: Entretien et constat *Observation du logiciel HAD ou du dossier papier permettant de tracer l'ensemble des prescriptions en cours et administration sur un même support | H20: =IF(D20="Oui",1,IF(D20="Non",0,IF(D20="en grande partie",0.75,IF(D20="Partiellement",0.25,0)))) -> 0
A21: 16 | C21: Le médecin traitant et le médecin coordonnateur se sont organisés pour prescrire et centraliser les ordonnances du patient | E21: RSMQPECM Médecin coordonateur Pharmacien | F21: Entretien et constat *Le médecin coordonnateur prescrit uniquement les médicaments en situation d'urgence ou informe le médecin traitant en cas d'autres prescriptions non urgentes *Aucun professionnel ne retranscrit les ordonnances | H21: =IF(D21="Oui",1,IF(D21="Non",0,IF(D21="en grande partie",0.75,IF(D21="Partiellement",0.25,0)))) -> 0
A22: 17 | C22: Les prescriptions sont intégralement conformes aux bonnes pratiques | E22: RSMQPECM Médecin coordonateur Pharmacien | F22: Entretien et constat *Visualiser les prescriptions *Critères de conformité : prescriptions horodatées (date et heure), lisibles, signées avec identification du prescripteur et du patient, DCI, dosages, posologies, voie d'administration et conditions, durées du traitement *Pour les injectables : précision claire des modalités de dilution, vitesse et durée ou renvoient à un protocole écrit *Prescriptions conditionnelles : conditions d’administration clairement établies : nombre maximal d’administrations par période de 24 heures accompagné d’un intervalle temporel entre deux prises consécutives, durée maximale de traitement. | H22: =IF(D22="Oui",1,IF(D22="Non",0,IF(D22="en grande partie",0.75,IF(D22="Partiellement",0.25,0)))) -> 0
A23: 18 | B23: STUP | C23: Les prescriptions de stupéfiants sont adaptées à l'intensité de la douleur évaluée et tracée dans le dossier | E23: RSMQPECM Médecin coordonateur Pharmacien | F23: Entretien et constat *Visualiser un dossier de patients sous stupéfiants, l'évaluation de la douleur et la réévaluation des prescriptions de stupéfiants | H23: =IF(D23="Oui",1,IF(D23="Non",0,IF(D23="en grande partie",0.75,IF(D23="Partiellement",0.25,0)))) -> 0
A24: 19 | B24: STUP | C24: Les prescriptions conditionnelles de stupéfiants font l'objet d'un protocole d'administration nominatif détaillant les modalités de prise | E24: RSMQPECM Médecin coordonateur Pharmacien | F24: Entretien et constat *Visualiser une prescription conditionnelle et le protocole d'administration correspondant *Visualiser le cas des interdoses des patients sous opiacés forts : interdose au 1/6ème ou 1/10ème de la dose quotidienne si antalgie insuffisante sous morphinique à libération prolongée (corrélation entre résultat échelle d'évaluation de la douleur et prescription) | H24: =IF(D24="Oui",1,IF(D24="Non",0,IF(D24="en grande partie",0.75,IF(D24="Partiellement",0.25,0)))) -> 0
A25: 20 | C25: Toute prescripition d'un traitement antibiotique répond à une justification et est réévaluée entre 48h et 72h selon la clinique et l'antibiogramme | E25: RSMQPECM Médecin coordonateur Pharmacien | F25: Entretien et constat *Visualiser un dossier de patient sous antibiothérapie avec réévaluation du traitement (clinique et/ou microbiologique) *Réévaluation de l'antibiothérapie entre 24h et 72h | H25: =IF(D25="Oui",1,IF(D25="Non",0,IF(D25="en grande partie",0.75,IF(D25="Partiellement",0.25,0)))) -> 0
A26: 21 | C26: Toute modification de traitement est relayée sur le support unique de prescription / administration | E26: RSMQPECM Médecin coordonateur Pharmacien | F26: Entretien *Evaluer la gestion des changements de traitement en cours de séjour (pas de prescription orale, relai d'information aux différents acteurs …) | H26: =IF(D26="Oui",1,IF(D26="Non",0,IF(D26="en grande partie",0.75,IF(D26="Partiellement",0.25,0)))) -> 0
A27: 22 | B27: CHIMIO | C27: Dans le cadre d'une prise en charge des patients atteints de cancer, le dossier du patient comprend le protocole de chimiothérapie, le planning des cycles, les ordonnances, la lettre de consentement et le plan personnalisé de soin | E27: RSMQPECM Médecin coordonateur Pharmacien | F27: Entretien et constat *Visualiser un dossier de patient sous chimiothérapies avec présence des éléments suivants : protocole de chimiothérapies, le planning des cycles, les ordonnances, la lettre de consentement et le plan de soin personnalisé Guide : Remplir "NA" si jamais de prise en charge de patients sous chimiothérapies anti-cancéreuses dans l'HAD | H27: =IF(D27="Oui",1,IF(D27="Non",0,IF(D27="en grande partie",0.75,IF(D27="Partiellement",0.25,0)))) -> 0
A28: 23 | B28: CHIMIO | C28: Une consultation médicale et un bilan biologique sont effectués la veille ou le jour de chaque nouvelle administration de chimiothérapie anti-cancéreuse (feu vert médical) | E28: RSMQPECM Médecin coordonateur Pharmacien | F28: Entretien et constat *Visualiser un dossier de patient sous chimiothérapie injectable avec traçabilité des critères et bilan biologique Guide : Remplir "NA" si jamais de prise en charge de patients sous chimiothérapies anti-cancéreuses dans l'HAD | H28: =IF(D28="Oui",1,IF(D28="Non",0,IF(D28="en grande partie",0.75,IF(D28="Partiellement",0.25,0)))) -> 0
A29: 24 | B29: PCA | C29: La prescription médicale de la PCA est réalisée sur un support/modèle de prescription "type" | E29: RSMQPECM Médecin coordonateur Pharmacien | F29: Entretien et constat *Visualiser les prescriptions "type" avec précision des critères nécessaires à la prescription : débit de base en mg/h posologie du bolus en mg (1/24 à 1/6 de la dose totale/24h) la période réfractaire entre 2 bolus le nombre maximal de bolus/h heure de début durée du traitement et date de la réévaluation dispositifs médicaux nécessaires à l'administration | H29: =IF(D29="Oui",1,IF(D29="Non",0,IF(D29="en grande partie",0.75,IF(D29="Partiellement",0.25,0)))) -> 0
A30: 25 | B30: PCA | C30: La prescription médicale comporte la surveillance des paramètres du patient (effets secondaires, surdosage) | E30: RSMQPECM Médecin coordonateur Pharmacien | F30: Entretien et constat : *Visualisation d'une prescription des éléments de surveillance | H30: =IF(D30="Oui",1,IF(D30="Non",0,IF(D30="en grande partie",0.75,IF(D30="Partiellement",0.25,0)))) -> 0
A31: 26 | B31: PCA | C31: Une réévaluation et adaptation régulière de la prescription de la PCA est effectuée selon les suivis de consommation à domicile, les effets indésirables, l'évaluation de la douleur | E31: RSMQPECM Médecin coordonateur Pharmacien | F31: Entretien et constat *Visualisation d'une prescription de PCA avec réévaluation des bolus demandés et administrés | H31: =IF(D31="Oui",1,IF(D31="Non",0,IF(D31="en grande partie",0.75,IF(D31="Partiellement",0.25,0)))) -> 0
A32: 27 | B32: MEOPA | C32: Les soins avec utilisation du MEOPA sont prescrits et limités aux indications pertinentes | E32: RSMQPECM Médecin coordonateur Pharmacien | F32: Entretien et constat si possible *Visualisation de la fiche de prescription type si existante *Prescription en s'appuyant sur les éléments du dossier du patient : fiche d'évaluation de la douleur et soins pratiqués : Actes douloureux et gestes de courte durée < 1h : soins d'escarres et d'ulcères douloureux, co-antalgiques lors de soins douloureux répétées *Limiter à 60min/j pendant 15jours maximum (48h de pause pour la poursuite du traitement avec réalisation d'une NFS de contrôle et dosage vitamine B12) Guide : Remplir "NA" si jamais de prise en charge de patients sous MEOPA dans l'HAD | H32: =IF(D32="Oui",1,IF(D32="Non",0,IF(D32="en grande partie",0.75,IF(D32="Partiellement",0.25,0)))) -> 0
A33: DISPENSATION - Pharmacie d'officine ou PUI | J33: =COUNTA(C34:C44)-COUNTIF(D34:D44,"NA")-COUNTIF(D34:D44,"") -> 0
A34: 28 | C34: Une convention entre la structure HAD et la pharmacie d'officine et/ou l'établissement réalisant la sous traitance a été signée pour la dispensation et la préparation des médicaments (y compris les cytotoxiques) | E34: Direction Pharmacien RSMQPECM | F34: Entretien et constat *Visualisation de la convention signée Guide : Remplir "NA" si HAD rattachée à une PUI | H34: =IF(D34="Oui",1,IF(D34="Non",0,IF(D34="en grande partie",0.75,IF(D34="Partiellement",0.25,0)))) -> 0
A35: 29 | C35: Le pharmacien dispose des coordonnées des professionnels de l'HAD | E35: Pharmacien | F35: Entretien et constat *Document reprenant les coordonnées de professionnels de l'HAD et des partenaires libéraux : médecin coordonnateur, médecin traitant, IDE salariés, IDE libéraux… | H35: =IF(D35="Oui",1,IF(D35="Non",0,IF(D35="en grande partie",0.75,IF(D35="Partiellement",0.25,0)))) -> 0
A36: 30 | C36: Les modalités de communication pharmacie-soignants sont précisés et sont utilisées et les échanges sont tracés | E36: Pharmacien RSMQPECM | F36: Entretien et constat '*Document précisant les modalités de communication ex : messagerie intégrée au logiciel ou messagerie sécurisée ou traçabilité directement dans le logiciel | H36: =IF(D36="Oui",1,IF(D36="Non",0,IF(D36="en grande partie",0.75,IF(D36="Partiellement",0.25,0)))) -> 0
A37: 31 | C37: La conciliation médicamenteuse est mise en œuvre pour les situations les plus à risque | E37: Pharmacien Préparateur pharmacie RSMQPECM | F37: Entretien et constat *Procédure reprenant la conduite à tenir pour effectuer une conciliation médicamenteuse ou un bilan médicamenteux *Visualisation de conciliation ou bilan d'entrée effectué par la pharmacie *Critères de priorisation des patients les plus à risque nécessitant une conciliation | H37: =IF(D37="Oui",1,IF(D37="Non",0,IF(D37="en grande partie",0.75,IF(D37="Partiellement",0.25,0)))) -> 0
A38: 32 | C38: Il est systématiquement proposé au patient l'ouverture de son dossier médical partagé | E38: Pharmacien | F38: Entretien | H38: =IF(D38="Oui",1,IF(D38="Non",0,IF(D38="en grande partie",0.75,IF(D38="Partiellement",0.25,0)))) -> 0
A39: 33 | C39: L'analyse pharmaceutique est organisée et pertinente et intègre les informations du dossier pharmaceutique s'il existe | E39: Pharmacien RSMQPECM | F39: Entretien et constat *Procédure relative à la validation pharmaceutique (pour PUI) *Constat d'avis pharmaceutiques tracés *Accès au dossier du patient (antécédents, accès à l'ensemble des prescriptions en cours, aux données biologiques et cliniques) *Vérification : posologies, interactions médicamenteuses... *Traçabilité des avis Guide : Remplir "En grande partie" ou "Partiellement" selon l'accès aux données cliniques et/ou biologiques | H39: =IF(D39="Oui",1,IF(D39="Non",0,IF(D39="en grande partie",0.75,IF(D39="Partiellement",0.25,0)))) -> 0
A40: 34 | C40: Le traitement du patient est délivré nominativement par la pharmacie (officine ou PUI) et transporté dans des contenants nominatifs et fermés | E40: Pharmacien RSMQPECM | F40: Entretien et constat *Visualiser les contenants nominatifs Les traitements médicamenteux sont au nom et prénom du patient avec l'ordonnance correspondante, la durée de délivrance est limitée à 1 mois *Les conditions d’hygiène et de conservation optimales | H40: =IF(D40="Oui",1,IF(D40="Non",0,IF(D40="en grande partie",0.75,IF(D40="Partiellement",0.25,0)))) -> 0
A41: 35 | B41: PCA | C41: Un contrôle des doses est effectué au moment de la dispensation d'une prescription de PCA | E41: Pharmacien RSMQPECM | F41: Entretien et constat si possible *contrôle de l'ensemble des calculs de la prescription Prendre une prescription de PCA et observation de la connaissance des recalculs *Interroger un membre de l'équipe | H41: =IF(D41="Oui",1,IF(D41="Non",0,IF(D41="en grande partie",0.75,IF(D41="Partiellement",0.25,0)))) -> 0
A42: 36 | C42: Les retours de médicaments de l'HAD sont sécurisés et gérés (y compris la destruction des stupéfiants) et sont distincts des retours suite à retrait de lot | E42: Pharmacien RSMQPECM | F42: Entretien et constat '*Protocoles / procédures "retour des médicaments" *Protocoles / procédures "retrait de lots" *Constat sur les retours et leur localisation *Document de traçabilité sur la destruction des stupéfiants | H42: =IF(D42="Oui",1,IF(D42="Non",0,IF(D42="en grande partie",0.75,IF(D42="Partiellement",0.25,0)))) -> 0
A43: 37 | C43: Les retraits de lot sont mis en œuvre dès publication par l'ANSM (et/ou fournisseurs) et les actions mises en œuvre dans le cadre de ces retraits sont tracées | E43: Pharmacien RSMQPECM | F43: Entretien *Si possible : faire le constat d'exemple de retrait de lot récent *Constat du documents de traçabilité des retraits de lots | H43: =IF(D43="Oui",1,IF(D43="Non",0,IF(D43="en grande partie",0.75,IF(D43="Partiellement",0.25,0)))) -> 0
A44: 38 | C44: Il existe une permanence pharmaceutique (modalités d'accès aux médicaments) pendant la fermeture de la pharmacie | E44: Pharmacien RSMQPECM | F44: Entretien et constat *Document spécifiant les modalités d'organisation la nuit, le week-end et jours fériés ou convention HAD/pharmacie le précisant *Liste d'astreinte *Procédure via le standard ou numéro de téléphone pour contacter le pharmacien | H44: =IF(D44="Oui",1,IF(D44="Non",0,IF(D44="en grande partie",0.75,IF(D44="Partiellement",0.25,0)))) -> 0
A45: ADMINISTRATION ET SUIVI THERAPEUTIQUE AU DOMICILE | J45: =I46+I55+I80 -> 0
A46: PREPARATION DES MEDICAMENTS | I46: =COUNTA(C47:C54)-COUNTIF(D47:D54,"NA")-COUNTIF(D47:D54,"") -> 0
A47: 39 | C47: La préparation des médicaments (injectables ou écrasables) est réalisée de manière extemporanée, le plus près possible de l'administration des médicaments (hors anti-cancéreux) | E47: IDE | F47: Entretien et constat si possible | H47: =IF(D47="Oui",1,IF(D47="Non",0,IF(D47="en grande partie",0.75,IF(D47="Partiellement",0.25,0)))) -> 0
A48: 40 | C48: Les règles d'hygiène pour la préparation des médicaments injectables sont décrites et respectées | E48: IDE RSMQPECM | F48: Entretien et constat si possible *Procédure pour la préparation des injectables blouse dédiée à l'activité, pas de bijoux, désinfection des mains à la SHA, endroit propre (ou nettoyé/désinfecté), désinfection des bouchons, flacons et sites de prélèvements *Plan de travail propre | H48: =IF(D48="Oui",1,IF(D48="Non",0,IF(D48="en grande partie",0.75,IF(D48="Partiellement",0.25,0)))) -> 0
A49: 41 | C49: L'étiquetage des injectables (poches de perfusion ou seringues) comporte tous les éléments de conformité | E49: IDE RSMQPECM | F49: Entretien ou constat si possible *Les injectables comportent une étiquette avec l'ensemble des mentions suivantes : nom, prénom du patient, nom du médicament, date, heure de préparation, heure de début et fin de perfusion, débit, signature de l’IDE (étiquette pré imprimée ou informatisée de préférence). | H49: =IF(D49="Oui",1,IF(D49="Non",0,IF(D49="en grande partie",0.75,IF(D49="Partiellement",0.25,0)))) -> 0
A50: 42 | C50: Les piluliers ou moyens de distribution sont identifiés par patient | E50: IDE | F50: Entretien et constat si possible *Critères de conformité : - Nom du patient - Prénom du patient - Date de naissance du patient - Répartis selon la prescription : (matin - midi - soir - coucher) - Restent identifiables jusqu’au moment de l’administration c’est-à-dire : nom, dosage, date de péremption et numéro de lot lisibles sur chaque unité de médicament après répartition dans le pilulier Les médicaments ne doivent pas être dé-blistérisés et ne doivent pas être coupés afin de permettre leur identification jusqu’à la prise (contrôle ultime). | H50: =IF(D50="Oui",1,IF(D50="Non",0,IF(D50="en grande partie",0.75,IF(D50="Partiellement",0.25,0)))) -> 0
A51: 43 | C51: Des outils adaptés permettant d'écraser les médicaments sont utilisés et sont nettoyés après chaque utilisation | E51: IDE | F51: Entretien et constat si possible *Visualisation des outils pour écraser les médicaments (sachet règlementé, broyeur sécurisé) si utilisation d'un récipient intermédiaire, il doit être lisse, molécule par molécule (non mélangées) ou après s'être assuré que les médicaments pouvaient être mélangés *Rinçage à l'eau entre chaque utilisation | H51: =IF(D51="Oui",1,IF(D51="Non",0,IF(D51="en grande partie",0.75,IF(D51="Partiellement",0.25,0)))) -> 0
A52: 44 | C52: En cas de prescription de médicaments écrasables, la possibilité d'écraser le médicament est connue ou vérifiée avant administration | E52: IDE | F52: Entretien et constat si possible *Le professionnel s'assure que le médicament fait partie de la liste des médicaments écrasables *Mise à disposition du livret de l'OMéDIT *Si SNG : s'assurer que les médicaments ne sont pas mélangés et rinçage intermédiaire de la sonde si médicaments non compatibles | H52: =IF(D52="Oui",1,IF(D52="Non",0,IF(D52="en grande partie",0.75,IF(D52="Partiellement",0.25,0)))) -> 0
A53: 45 | B53: CHIMIO | C53: Le matériel nécessaire pour la manipulation et l'injection de chimiothérapies anti-cancéreuses (injectables et per os) est mis à disposition | E53: IDE | F53: Entretien et constat *Surblouse, casaque stérile, paire de gants stériles, lunettes de protection, charlotte *Protocole matériel mis à disposition (y compris pour le débranchement) | H53: =IF(D53="Oui",1,IF(D53="Non",0,IF(D53="en grande partie",0.75,IF(D53="Partiellement",0.25,0)))) -> 0
A54: 46 | B54: PCA | C54: Un double contrôle de calcul des doses est effectué au moment de la préparation de la PCA | E54: IDE | F54: Entretien et constat si possible *Visualisation de la préparation d'une prescription de PCA si possible (tous les calculs de dose sont contrôlés) * Traçabilité de calcul des doses et de la double vérification | H54: =IF(D54="Oui",1,IF(D54="Non",0,IF(D54="en grande partie",0.75,IF(D54="Partiellement",0.25,0)))) -> 0
A55: ADMINISTRATION ET SUIVI THERAPEUTIQUE | I55: =COUNTA(C56:C79)-COUNTIF(D56:D79,"NA")-COUNTIF(D56:D79,"") -> 0
A56: 47 | C56: La vérification de l'identité du patient lors de la première visite de chaque professionnel est réalisée | E56: IDE | F56: Entretien et constat : *Faire préciser la vérification d'au moins 1 élément par une question ouverte parmi : nom + prénom + date de naissance | H56: =IF(D56="Oui",1,IF(D56="Non",0,IF(D56="en grande partie",0.75,IF(D56="Partiellement",0.25,0)))) -> 0
A57: 48 | C57: La concordance entre le produit, le patient et la prescription est systématiquement réalisée avant administration | E57: IDE | F57: Entretien et constat *au bon moment, au bon patient, le bon médicament, par la bonne voie d'administration, et la bonne dose | H57: =IF(D57="Oui",1,IF(D57="Non",0,IF(D57="en grande partie",0.75,IF(D57="Partiellement",0.25,0)))) -> 0
A58: 49 | C58: Dans le cas où le patient/l'aidant participe à sa prise en charge médicamenteuse, les consignes particulières de prises sont rappelées | E58: IDE | F58: Entretien et constat si possible *Education thérapeutique *Documentation remise au patient *Précision sur l'ordonnance (ex : avant, pendant, après le repas) *Plan de prise donné au patient *Evaluation de la compréhension du patient | H58: =IF(D58="Oui",1,IF(D58="Non",0,IF(D58="en grande partie",0.75,IF(D58="Partiellement",0.25,0)))) -> 0
A59: 50 | C59: Les médicaments per os restent identifiables jusqu’au moment de leur administration y compris la date de péremption | E59: IDE | F59: 'Entretien et constat *Si pilulier ou médicaments sans boites : nom, dosage, date de péremption et numéro de lot lisibles sur chaque unité de médicament après répartition dans le pilulier Les médicaments ne doivent pas être dé-blistérisés et ne doivent pas être coupés afin de permettre leur identification jusqu’à la prise (contrôle ultime). | H59: =IF(D59="Oui",1,IF(D59="Non",0,IF(D59="en grande partie",0.75,IF(D59="Partiellement",0.25,0)))) -> 0
A60: 51 | C60: Les médicaments injectables restent identifiables jusqu’au moment de leur administration y compris la date de péremption | E60: IDE | F60: Entretien et constat '*Etiquette d'identification et/ou de préparation présente : : nom commercial, DCI, dosage, forme pharmaceutique, voie d’administration date de péremption, numéro de lot | H60: =IF(D60="Oui",1,IF(D60="Non",0,IF(D60="en grande partie",0.75,IF(D60="Partiellement",0.25,0)))) -> 0
A61: 52 | C61: La date d'ouverture et/ou la date limite d'utilisation des médicaments multidoses est inscrite sur le flacon | E61: IDE | F61: Entretien et constat si possible *Liste de stabilité après ouverture facilement consultable | H61: =IF(D61="Oui",1,IF(D61="Non",0,IF(D61="en grande partie",0.75,IF(D61="Partiellement",0.25,0)))) -> 0
A62: 53 | C62: La personne qui administre les médicaments est identifiée | E62: IDE | F62: Entretien et constat *Identification dans le logiciel ou le document de traçabilité *Connaissance de la procédure institutionnelle définissant les règles de traçabilité des administrations de médicaments *Relevé des noms et/ou initiales et/ou signatures est disponible (avec fichier de correspondances si initiales) | H62: =IF(D62="Oui",1,IF(D62="Non",0,IF(D62="en grande partie",0.75,IF(D62="Partiellement",0.25,0)))) -> 0
A63: 54 | C63: L'administration des médicaments est tracée en temps réel et pour chaque molécule sur un support unique au regard de la prescription (hors patient autonome) | E63: IDE | F63: Entretien et constat *Connaissance de la procédure institutionnelle *Visualiser les fiches traçabilités des administrations | H63: =IF(D63="Oui",1,IF(D63="Non",0,IF(D63="en grande partie",0.75,IF(D63="Partiellement",0.25,0)))) -> 0
A64: 55 | C64: La non administration et le motif sont tracés par le professionnel en charge de l'administration des médicaments | E64: IDE | F64: Entretien et constat d'une non administration *Visualisation d'une fiche de traçabilité prescription/admininitration sur support unique | H64: =IF(D64="Oui",1,IF(D64="Non",0,IF(D64="en grande partie",0.75,IF(D64="Partiellement",0.25,0)))) -> 0
A65: 56 | C65: Dans le cas où le patient/l'aidant participe à sa prise en charge médicamenteuse, la prise effective du médicament par le patient est vérifiée et tracée | E65: IDE | F65: Entretien et constat si possible *S'assurer que l'IDE a un entretien patient/aidant, vérification du pilulier, vérification de l'observance du patient *Vérifier la traçabilité de la prise sur support *Le patient et/ou son entourage doit avoir la possibilité de tracer sa prise de médicaments sur un support identifié. Guide : considérer comme "Oui" si traçabilité a posteriori dans le cadre d'un patient autonome | H65: =IF(D65="Oui",1,IF(D65="Non",0,IF(D65="en grande partie",0.75,IF(D65="Partiellement",0.25,0)))) -> 0
A66: 57 | C66: Les actes d'aide à la prise de médicaments non injectables sont réalisés en collaboration avec un aide soignant sous la responsabilité des IDE | E66: IDE | F66: Entretien *Connaissance des responsabilités et du rôle de chaque professionnel | H66: =IF(D66="Oui",1,IF(D66="Non",0,IF(D66="en grande partie",0.75,IF(D66="Partiellement",0.25,0)))) -> 0
A67: 58 | B67: STUP | C67: En cas de prescription de stupéfiants, une réévaluation de l'efficacité est effectuée et tracée selon une échelle d'évaluation de la douleur adaptée et identique | E67: IDE | F67: Entretien et constat *Echelle précisée et identique à chaque passage *Evaluation de la douleur (localisation, intensité, circonstance de survenue) retrouvée (traçabilité dans le dossier patient): - En période de titration (initiation de traitement) : à chaque passage de l'IDE et ou de l'aide-soignant - Hors période de titration : a minima 1/semaine *Exemple : fiche spécifique stupéfiant (prescription avec résultat d'échelle échelle à cocher et schéma des prises) | H67: =IF(D67="Oui",1,IF(D67="Non",0,IF(D67="en grande partie",0.75,IF(D67="Partiellement",0.25,0)))) -> 0
A68: 59 | B68: STUP | C68: La prise et la non prise des interdoses sont tracées dans le dossier dans le cadre de la prescription de stupéfiants | E68: IDE | F68: Entretien et constat si possible *Visualisation d'un dossier patient avec traçabilité de la prise et de la non prise | H68: =IF(D68="Oui",1,IF(D68="Non",0,IF(D68="en grande partie",0.75,IF(D68="Partiellement",0.25,0)))) -> 0
A69: 60 | B69: STUP | C69: Les effets indésirables courants sont recherchés et tracés dans le dossier lors de la prise de stupéfiants | E69: IDE | F69: Entretien et constat si possible *Visualisation d'un dossier patient avec traçabilité des éléments de surveillance comme les effets indésirables | H69: =IF(D69="Oui",1,IF(D69="Non",0,IF(D69="en grande partie",0.75,IF(D69="Partiellement",0.25,0)))) -> 0
A70: 61 | B70: CHIMIO | C70: La présence du feu vert médical (par le médecin coordonateur) et de la capacité du patient à recevoir son traitement est vérifiée avant toute administration de chimiothérapie anti-cancéreuse injectable | E70: IDE | F70: Entretien et constat si possible *Fiche de suivi de la cure de chimiothérapie Guide : remplir "NA" si jamais de prise en charge de patients sous chimiothérapies anti-cancéreuses dans l'HAD | H70: =IF(D70="Oui",1,IF(D70="Non",0,IF(D70="en grande partie",0.75,IF(D70="Partiellement",0.25,0)))) -> 0
A71: 62 | B71: CHIMIO | C71: En cas de prise de chimiothérapie anti-cancéreuse, les effets indésirables sont recherchés et tracés | E71: IDE | F71: Entretien et constat si possible *Visualisation d'un dossier patient avec traçabilité des éléments de surveillance commes les effets indésirables Guide : remplir "NA" si jamais de prise en charge de patients sous chimiothérapies anti-cancéreuses dans l'HAD | H71: =IF(D71="Oui",1,IF(D71="Non",0,IF(D71="en grande partie",0.75,IF(D71="Partiellement",0.25,0)))) -> 0
A72: 63 | B72: CHIMIO | C72: Après administration de chimiothérapie anti-cancéreuse, la fiche de confirmation de l'administration de la chimiothérapie est remplie | E72: IDE | F72: Entretien et constat si possible *Visualisation d'une fiche de traçabilité Guide : remplir "NA" si jamais de prise en charge de patients sous chimiothérapies anti-cancéreuses dans l'HAD | H72: =IF(D72="Oui",1,IF(D72="Non",0,IF(D72="en grande partie",0.75,IF(D72="Partiellement",0.25,0)))) -> 0
A73: 64 | B73: PCA | C73: Le montage de la PCA comporte une valve anti-retour en amont de toute perfusion supplémentaire | E73: IDE | F73: Entretien et constat si possible *Visualisation du montage de la PCA au domicile du patient | H73: =IF(D73="Oui",1,IF(D73="Non",0,IF(D73="en grande partie",0.75,IF(D73="Partiellement",0.25,0)))) -> 0
A74: 65 | B74: PCA | C74: Les paramètres de surveillance des PCA sont relevés à chaque visite et tracés dans le dossier | E74: IDE | F74: Entretien et constat si possible *Critères de conformité : fiche de prescription/préparation de la pompe reprenant la prescription médicale, le remplissage de la pompe (concentration) et suivi des paramètres dose totale/24h nombre de bolus demandés et administrés évaluation de la douleur surveillance de la fréquence respiratoire tolérance effets indésirables | H74: =IF(D74="Oui",1,IF(D74="Non",0,IF(D74="en grande partie",0.75,IF(D74="Partiellement",0.25,0)))) -> 0
A75: 66 | B75: MEOPA | C75: Une surveillance continue du patient est réalisée systématiquement lors de l'administration de MEOPA et tracée dans le dossier | E75: IDE | F75: Entretien et constat si possible *2 soignants présents si possible : l'un réalisant le geste douloureux, l’autre pour l’administration du médicament *Visualisation si possible de la traçabilité dans le dossier *Surveillance de la tolérance du patient Guide : Remplir "NA" si jamais de prise en charge de patients sous MEOPA dans l'HAD | H75: =IF(D75="Oui",1,IF(D75="Non",0,IF(D75="en grande partie",0.75,IF(D75="Partiellement",0.25,0)))) -> 0
A76: 67 | B76: MEOPA | C76: L'administration du MEOPA a lieu en présence d'un médecin (ou le médecin peut intervenir à tout moment) | E76: IDE Médecin | F76: Entretien et constat si possible *Possibilité de vérifier si la première administration a déjà lieu en hospitalisation ou en HAD en présence d'un médecin *Utilisation possible en dehors de la présence d’un médecin mais à condition toutefois qu’un médecin puisse intervenir à tout moment Guide : Remplir "NA" si jamais de prise en charge de patients sous MEOPA dans l'HAD | H76: =IF(D76="Oui",1,IF(D76="Non",0,IF(D76="en grande partie",0.75,IF(D76="Partiellement",0.25,0)))) -> 0
A77: 68 | B77: MEOPA | C77: Les éléments de vérification préalables à l'administration du MEOPA sont pris en compte | E77: IDE | F77: Entretien et constat si possible *Prescription, attestation de bonne tolérance du patient *Température ambiante entre 10 et 30°C, absence de combustible, absence de corps gras sur les mains ou le visage *Vérification de la bonne nature du gaz et de la pression restante dans la bouteille *Administration dans un local aéré (limiter l'exposition des soignants) ou utilisation d'un tuyau d'évacuation des gaz Guide : Remplir "NA" si jamais de prise en charge de patients sous MEOPA dans l'HAD | H77: =IF(D77="Oui",1,IF(D77="Non",0,IF(D77="en grande partie",0.75,IF(D77="Partiellement",0.25,0)))) -> 0
A78: 69 | B78: MEOPA | C78: L'administration du MEOPA et l'évaluation de la douleur du patient sont tracées sur un support dédié | E78: IDE | F78: Entretien et constat si possible *Fiche de surveillance d'analgésie *Fiche d'administration du MEOPA : durée du soin, volume consommé (pression de la bouteille en début et en fin de soins) Guide : Remplir "NA" si jamais de prise en charge de patients sous MEOPA dans l'HAD | H78: =IF(D78="Oui",1,IF(D78="Non",0,IF(D78="en grande partie",0.75,IF(D78="Partiellement",0.25,0)))) -> 0
A79: 70 | B79: MEOPA | C79: Après utilisation, un scellé est posé sur la bouteille afin d'éviter une utilisation frauduleuse entre deux soins | E79: IDE | F79: Entretien et constat si possible *Présence d'une opercule pour sceller la bouteille Guide : Remplir "NA" si jamais de prise en charge de patients sous MEOPA dans l'HAD | H79: =IF(D79="Oui",1,IF(D79="Non",0,IF(D79="en grande partie",0.75,IF(D79="Partiellement",0.25,0)))) -> 0
A80: ELIMINATION DES MEDICAMENTS | I80: =COUNTA(C81:C84)-COUNTIF(D81:D84,"NA")-COUNTIF(D81:D84,"") -> 0
A81: 71 | C81: Les règles et les précautions relatives à l'élimination des DASRI sont connues et effectuées de manière conforme au domicile | E81: IDE | F81: Entretien et constat si possible *Document qualité validé et réactualisé régulièrement *Connaissance du document par les professionnels *Contenant conforme avec pictogramme et niveau de remplissage *Utilisation des DASRI de manière conforme : piquant coupant tranchant éliminé dans une boite à aiguille fermée, respect du niveau de remplissage, élimination des éléments souillés par des liquides biologiques infectés | H81: =IF(D81="Oui",1,IF(D81="Non",0,IF(D81="en grande partie",0.75,IF(D81="Partiellement",0.25,0)))) -> 0
A82: 72 | C82: Le retour et l'élimination des médicaments non utilisés par le patient à la pharmacie sont organisés et effectifs | E82: IDE Pharmacien | F82: Entretien et constat si possible '*Document qualité validé et réactualisé régulièrement reprenant le circuit des retours *Retours du domicile non récupérés par la pharmacie ou l'HAD | H82: =IF(D82="Oui",1,IF(D82="Non",0,IF(D82="en grande partie",0.75,IF(D82="Partiellement",0.25,0)))) -> 0
A83: 73 | B83: STUP | C83: Des règles particulières pour le retour et l'élimination des stupéfiants sont définies | E83: IDE Pharmacien | F83: Entretien et constat si possible *Document qualité validé et réactualisé régulièrement reprenant le circuit des retours : contenants fermés avec fiche de traçabilité *Traçabilité du retour des stupéfiants du domicile à la pharmacie (DCI et spécialité, nombre d'unités retournées, forme, dosage…) | H83: =IF(D83="Oui",1,IF(D83="Non",0,IF(D83="en grande partie",0.75,IF(D83="Partiellement",0.25,0)))) -> 0
A84: 74 | B84: CHIMIO | C84: Des règles particulières pour le retour et l'élimination des anti-cancéreux sont définies | E84: IDE Pharmacien | F84: Entretien et constat si possible *Document qualité validé et réactualisé régulièrement *Fioles, flex, tubulures, protections absorbantes, blouses, gants, masques, compresses, tampons, cupules ayant servi à manipuler est jeté dans le conteneur spécifique filière cytotoxique Guide : remplir "NA" si jamais de prise en charge de patients sous chimiothérapies anti-cancéreuses dans l'HAD | H84: =IF(D84="Oui",1,IF(D84="Non",0,IF(D84="en grande partie",0.75,IF(D84="Partiellement",0.25,0)))) -> 0
A85: LOGISTIQUE | J85: =I86+I96 -> 0
A86: STOCKAGE DES MEDICAMENTS AU SEIN DE LA STRUCTURE HAD | I86: =COUNTA(C87:C95)-COUNTIF(D87:D95,"NA")-COUNTIF(D87:D95,"") -> 0
A87: 75 | C87: Il existe une dotation en médicaments permettant de répondre aux besoins des patients pris en charge dans la structure, définie par le médecin coordonnateur et révisée au moins une fois par an | E87: Pharmacien RSMQPECM | F87: Entretien et constat *Liste qualitative et quantitative de la dotation disponible dans le service *Vérifier la liste et la date de mise à jour *Doit être affichée sur l'armoire ou disponible à proximité de celle-ci (ou informatisée) | H87: =IF(D87="Oui",1,IF(D87="Non",0,IF(D87="en grande partie",0.75,IF(D87="Partiellement",0.25,0)))) -> 0
A88: 76 | C88: Les modalités d'approvisionnement sont définies notamment pour parer à tout besoin urgent de produits de santé pendant les heures d'ouverture de l'HAD et les soirs, week-ends et jours fériés | E88: Pharmacien RSMQPECM | F88: Entretien et constat *Document qualité actualisé : procédure spécifique aux conditions d'accessibilité à l'armoire de dotation y compris lors de la fermeture de l'HAD *Connaissance de l'accès par les professionnels | H88: =IF(D88="Oui",1,IF(D88="Non",0,IF(D88="en grande partie",0.75,IF(D88="Partiellement",0.25,0)))) -> 0
A89: 77 | C89: L'accès à la dotation en médicaments est sécurisé | E89: Pharmacien RSMQPECM | F89: Constat *Local sécurisé ou armoire fermée | H89: =IF(D89="Oui",1,IF(D89="Non",0,IF(D89="en grande partie",0.75,IF(D89="Partiellement",0.25,0)))) -> 0
A90: 78 | C90: Les prélèvements dans la dotation en médicaments sont nominatifs et tracés | E90: Pharmacien RSMQPECM | F90: Entretien et constat *Visualisation de la traçabilité des entrées/sorties dans le logiciel ou l'outil utilisé | H90: =IF(D90="Oui",1,IF(D90="Non",0,IF(D90="en grande partie",0.75,IF(D90="Partiellement",0.25,0)))) -> 0
A91: 79 | C91: Les contrôles des dotations sont réalisés, dont les périmés | E91: Pharmacien RSMQPECM | F91: Entretien et constat *Enregistrements des contrôles effectués 1 fois/mois *Contrôle du contenu, des périmés, du rangement des médicaments dans les bons tiroirs… Guide : répondre "En grande partie" si contrôle effectué dans les 3 mois, répondre "Partiellement" si contrôle fait depuis plus de 3 mois | H91: =IF(D91="Oui",1,IF(D91="Non",0,IF(D91="en grande partie",0.75,IF(D91="Partiellement",0.25,0)))) -> 0
A92: 80 | C92: L'HAD dispose d'une liste ou d'un moyen de repérage des médicaments thermosensibles | E92: Pharmacien Responsable PECM | F92: Entretien et constat *Repérage spécifique des médicaments thermosensibles | H92: =IF(D92="Oui",1,IF(D92="Non",0,IF(D92="en grande partie",0.75,IF(D92="Partiellement",0.25,0)))) -> 0
A93: 81 | C93: Un système et une organisation permettent de contrôler et tracer la température du réfrigérateur | E93: Pharmacien RSMQPECM | F93: Entretien et constat *Fiche de relevés températures remplie ou disque enregistreur de températures opérationnel (thermomètre, sonde…) *Visualiser le document de traçabilité de l'entretien | H93: =IF(D93="Oui",1,IF(D93="Non",0,IF(D93="en grande partie",0.75,IF(D93="Partiellement",0.25,0)))) -> 0
A94: 82 | C94: Les modalités de transports sont respectées selon les précautions particulières des médicaments transportés | E94: Pharmacien RSMQPECM | F94: Entretien et constat si possible *Protocole de description des modalités de transports des médicaments *Respect de la chaîne du froid *Respect de la température, de l'humidité... *Respect du transport des stupéfiants (contenant fermé à clé, caisse scellée) *Respect de la confidentialité | H94: =IF(D94="Oui",1,IF(D94="Non",0,IF(D94="en grande partie",0.75,IF(D94="Partiellement",0.25,0)))) -> 0
A95: 83 | B95: MEOPA | C95: Les précautions particulières concernant le transport sont respectées | E95: Pharmacien RSMQPECM | F95: Entretien et constat si possible *Véhicule dédié et aéré, bouteilles en position verticale et arrimée, maximum 3 bouteilles * S’assurer de la bonne fermeture des robinets avant le chargement des bouteilles, vérifier la présence et la bonne fixation du chapeau de bouteille, débrancher tous les équipements amovibles (détendeur, flexible...). *Ne pas laisser de bouteille stockée dans le véhicule, ne pas fumer dans le véhicule, absence d’inflammables dans le véhicule (produits hydro-alcooliques, bidon d’huile ou d’essence ...) *Transporter à température < 50°C et hors gel >0°C (si nécessaire en hiver, bouteille dans étui isotherme *Aeration du véhicule après transport Guide : Remplir "NA" si jamais de prise en charge de patients sous MEOPA dans l'HAD | H95: =IF(D95="Oui",1,IF(D95="Non",0,IF(D95="en grande partie",0.75,IF(D95="Partiellement",0.25,0)))) -> 0
A96: STOCKAGE DES MEDICAMENTS AU DOMICILE DU PATIENT | I96: =COUNTA(C97:C101)-COUNTIF(D97:D101,"NA")-COUNTIF(D97:D101,"") -> 0
A97: 84 | C97: Un dispositif pour le stockage des médicaments est identifié au domicile du patient | E97: IDE coordonnateur IDE RSMQPECM | F97: Entretien et constat *Stockage sécurisé si nécessaire, accessible par le patient (si autonome) et identifié par tous les professionnels intervenants *Conforme aux conditions de conservation : à l'abri de la lumière, de la chaleur et de l'humidité… | H97: =IF(D97="Oui",1,IF(D97="Non",0,IF(D97="en grande partie",0.75,IF(D97="Partiellement",0.25,0)))) -> 0
A98: 85 | C98: Les médicaments présents au domicile du patient et ceux de son entourage sont isolés | E98: IDE coordonnateur IDE RSMQPECM | F98: Entretien et constat *Séparation distincte entre les traitements du patient et ceux de son entourage | H98: =IF(D98="Oui",1,IF(D98="Non",0,IF(D98="en grande partie",0.75,IF(D98="Partiellement",0.25,0)))) -> 0
A99: 86 | C99: Les médicaments thermosensibles sont isolés des autres produits non médicamenteux dans le réfrigérateur | E99: IDE coordonnateur IDE RSMQPECM | F99: Entretien et constat *Séparation distincte entre les traitements thermosensibles du patient et les autres produits du réfrégirateur | H99: =IF(D99="Oui",1,IF(D99="Non",0,IF(D99="en grande partie",0.75,IF(D99="Partiellement",0.25,0)))) -> 0
A100: 87 | B100: STUP | C100: Les conditions de détention et de stockage des stupéfiants au domicile sont adaptées à la réglementation en vigueur avec une traçabilité des entrées et des sorties strictes | E100: IDE coordonnateur IDE RSMQPECM | F100: Entretien et constat *Stockage sécurisé dans une armoire fermée à clé et ne contenant rien d'autre | H100: =IF(D100="Oui",1,IF(D100="Non",0,IF(D100="en grande partie",0.75,IF(D100="Partiellement",0.25,0)))) -> 0
A101: 88 | B101: MEOPA | C101: Les conditions de détention et de stockage à domicile du MEOPA sont adaptées aux précautions de conservation | E101: IDE coordonnateur IDE RSMQPECM | F101: Entretien et constat si possible *Stockage sécurisé à l'abri de la chaleur et du froid, en position verticale et arrimée pour les bouteilles en cours d'utilisation *Durée de conservation 24 mois Guide : Remplir "NA" si jamais de prise en charge de patients sous MEOPA dans l'HAD | H101: =IF(D101="Oui",1,IF(D101="Non",0,IF(D101="en grande partie",0.75,IF(D101="Partiellement",0.25,0)))) -> 0
...

Sheet Résultats
B3: Nom de l'établissement : | D3: ='Informations générales'!C10 -> 0
B5: Grille d'auto-évaluation de la prise en charge médicamenteuse en HAD | K5: Grille d'audit croisé de la prise en charge médicamenteuse en HAD | T5: Evaluation des situations à risques
B7: Date (format JJ/MM/AAAA): | D7: ='Informations générales'!C12 -> 0 | K7: Date (format JJ/MM/AAAA): | M7: ='Informations générales'!C14 -> 0
V8: Niveau de conformité | W8: Zone 4 | X8: Zone 3 | Y8: Zone 2 | Z8: Zone 1
D9: Niveau de conformité | E9: Zone 4 | F9: Zone 3 | G9: Zone 2 | H9: Zone 1 | M9: Niveau de conformité | N9: Zone 4 | O9: Zone 3 | P9: Zone 2 | Q9: Zone 1 | S9: PCA | T9: PCA | U9: =COUNTIF('Grille autoévaluation'!B:B,S9)+COUNTIF('Grille audit croisé'!B:B,S9)-COUNTIFS('Grille autoévaluation'!B:B,S9,'Grille autoévaluation'!D:D,"NA")-COUNTIFS('Grille audit croisé'!B:B,S9,'Grille audit croisé'!D:D,"NA")-COUNTIFS('Grille autoévaluation'!B:B,S9,'Grille autoévaluation'!D:D,"")-COUNTIFS('Grille audit croisé'!B:B,S9,'Grille audit croisé'!D:D,"") -> 0 | V9: =(SUMIF('Grille autoévaluation'!B:B,S9,'Grille autoévaluation'!H:H)+SUMIF('Grille audit croisé'!B:B,S9,'Grille audit croisé'!H:H))/U9 -> #DIV/0! | W9: 1 | X9: 0.9 | Y9: 0.5 | Z9: 0.2
B10: 1. Management de la qualite de la prise en charge médicameuteuse | D10: =IFERROR(SUM('Grille autoévaluation'!H6:'Grille autoévaluation'!H22)/'Grille autoévaluation'!I5,"") | E10: 1 | F10: 0.9 | G10: 0.5 | H10: 0.2 | K10: 1 : Bilan d'admission | M10: =IFERROR(SUM('Grille audit croisé'!H5:H17)/'Grille audit croisé'!J4,"") | N10: 1 | O10: 0.9 | P10: 0.5 | Q10: 0.2 | S10: STUP | T10: STUPEFIANTS | U10: =COUNTIF('Grille autoévaluation'!B:B,S10)+COUNTIF('Grille audit croisé'!B:B,S10)-COUNTIFS('Grille autoévaluation'!B:B,S10,'Grille autoévaluation'!D:D,"NA")-COUNTIFS('Grille audit croisé'!B:B,S10,'Grille audit croisé'!D:D,"NA")-COUNTIFS('Grille autoévaluation'!B:B,S10,'Grille autoévaluation'!D:D,"")-COUNTIFS('Grille audit croisé'!B:B,S10,'Grille audit croisé'!D:D,"") -> 0 | V10: =(SUMIF('Grille autoévaluation'!B:B,S10,'Grille autoévaluation'!H:H)+SUMIF('Grille audit croisé'!B:B,S10,'Grille audit croisé'!H:H))/U10 -> #DIV/0! | W10: 1 | X10: 0.9 | Y10: 0.5 | Z10: 0.2
B11: 2. Gestion des erreurs médicamenteuses | D11: =IFERROR(SUM('Grille autoévaluation'!H24:H29)/'Grille autoévaluation'!I23,"") -> 0 | E11: 1 | F11: 0.9 | G11: 0.5 | H11: 0.2 | K11: 2 : Prescriptions | M11: =IFERROR(SUM('Grille audit croisé'!H19:H32)/'Grille audit croisé'!J18,"") | N11: 1 | O11: 0.9 | P11: 0.5 | Q11: 0.2 | S11: CHIMIO | T11: CHIMIOTHERAPIES ANTI-CANCEREUSES INJECTABLES ET ORALES | U11: =COUNTIF('Grille autoévaluation'!B:B,S11)+COUNTIF('Grille audit croisé'!B:B,S11)-COUNTIFS('Grille autoévaluation'!B:B,S11,'Grille autoévaluation'!D:D,"NA")-COUNTIFS('Grille audit croisé'!B:B,S11,'Grille audit croisé'!D:D,"NA")-COUNTIFS('Grille autoévaluation'!B:B,S11,'Grille autoévaluation'!D:D,"")-COUNTIFS('Grille audit croisé'!B:B,S11,'Grille audit croisé'!D:D,"") -> 0 | V11: =(SUMIF('Grille autoévaluation'!B:B,S11,'Grille autoévaluation'!H:H)+SUMIF('Grille audit croisé'!B:B,S11,'Grille audit croisé'!H:H))/U11 -> #DIV/0! | W11: 1 | X11: 0.9 | Y11: 0.5 | Z11: 0.2
B12: 3. Informatisation | D12: =IFERROR(SUM('Grille autoévaluation'!H31:H33)/'Grille autoévaluation'!I30,"") -> 0 | E12: 1 | F12: 0.9 | G12: 0.5 | H12: 0.2 | K12: 3 : Dispensation - pharmacie d'officine ou PUI | M12: =IFERROR(SUM('Grille audit croisé'!H34:H44)/'Grille audit croisé'!J33,"") | N12: 1 | O12: 0.9 | P12: 0.5 | Q12: 0.2 | S12: MEOPA | T12: MEOPA | U12: =COUNTIF('Grille autoévaluation'!B:B,S12)+COUNTIF('Grille audit croisé'!B:B,S12)-COUNTIFS('Grille autoévaluation'!B:B,S12,'Grille autoévaluation'!D:D,"NA")-COUNTIFS('Grille audit croisé'!B:B,S12,'Grille audit croisé'!D:D,"NA")-COUNTIFS('Grille autoévaluation'!B:B,S12,'Grille autoévaluation'!D:D,"")-COUNTIFS('Grille audit croisé'!B:B,S12,'Grille audit croisé'!D:D,"") -> 0 | V12: =(SUMIF('Grille autoévaluation'!B:B,S12,'Grille autoévaluation'!H:H)+SUMIF('Grille audit croisé'!B:B,S12,'Grille audit croisé'!H:H))/U12 -> #DIV/0! | W12: 1 | X12: 0.9 | Y12: 0.5 | Z12: 0.2
B13: 4. Formation et sensibilisation | D13: =IFERROR(SUM('Grille autoévaluation'!H35:H40)/'Grille autoévaluation'!I34,"") | E13: 1 | F13: 0.9 | G13: 0.5 | H13: 0.2 | K13: 4 : Administration au domicile | M13: =IFERROR(SUM('Grille audit croisé'!H47:H54,'Grille audit croisé'!H56:H79,'Grille audit croisé'!H81:H84)/'Grille audit croisé'!J45,"") | N13: 1 | O13: 0.9 | P13: 0.5 | Q13: 0.2
K14: A. Preparation des medicaments | M14: =IFERROR(SUM('Grille audit croisé'!H47:H54)/'Grille audit croisé'!I46,"")
B15: Pourcentage de conformité globale : | D15: =IFERROR(SUM('Grille autoévaluation'!H:H)/SUM('Grille autoévaluation'!I:I),"") -> 0 | K15: B. Administration des medicaments | M15: =IFERROR(SUM('Grille audit croisé'!H56:H79)/'Grille audit croisé'!I55,"")
K16: C. Elimination des medicaments | M16: =IFERROR(SUM('Grille audit croisé'!H81:H84)/'Grille audit croisé'!I80,"")
K17: 5 : Logistique | M17: =IFERROR(SUM('Grille audit croisé'!H87:H95,'Grille audit croisé'!H97:H101)/'Grille audit croisé'!J85,"") | N17: 1 | O17: 0.9 | P17: 0.5 | Q17: 0.2
K18: A. Stockage des medicaments au sein de la structure HAD | M18: =IFERROR(SUM('Grille audit croisé'!H87:H95)/'Grille audit croisé'!I86,"")
K19: B. Stockage des medicaments au domicile du patient | M19: =IFERROR(SUM('Grille audit croisé'!H97:H101)/'Grille audit croisé'!I96,"")
K20: 6 : Organisation/qualite | M20: =IFERROR(SUM('Grille audit croisé'!H103:H108)/'Grille audit croisé'!J102,"") | N20: 1 | O20: 0.9 | P20: 0.5 | Q20: 0.2
K21: 7 : Bilan de sortie | M21: =IFERROR(SUM('Grille audit croisé'!H110:H113)/'Grille audit croisé'!J109,"") | N21: 1 | O21: 0.9 | P21: 0.5 | Q21: 0.2
K22: 8 : Entretien avec le patient (ou l'aidant) | M22: =IFERROR(SUM('Grille audit croisé'!H115:H135)/'Grille audit croisé'!J114,"") | N22: 1 | O22: 0.9 | P22: 0.5 | Q22: 0.2
K24: Pourcentage de conformité globale : | M24: =IFERROR(SUM('Grille audit croisé'!H:H)/SUM('Grille audit croisé'!J:J),"")
B58: Pourcentage de conformité totale sur l'audit | T58: =(SUM('Grille audit croisé'!H:H)+SUM('Grille autoévaluation'!H:H))/(SUM('Grille autoévaluation'!I:I)+SUM('Grille audit croisé'!J:J)) -> 0
B60: Points forts | K60: Axes d'améliorations

Sheet Plan d'actions
C1: Nom de l'établissement : | E1: ='Informations générales'!C10 -> 0
C2: Date de mise à jour : | E2: =NOW() -> 44726.602
A3: Evaluation de la prise en charge médicamenteuse en HAD
A5: N° | B5: Traceur ciblé | C5: CRITERES | D5: Oui En grande partie Partiellement/ Non/ +/- Non applicable | E5: COMMENTAIRES AUDITEURS | F5: COMMENTAIRES AUDITES | G5: ACTIONS D'AMELIORATIONS | H5: PILOTE | I5: ECHEANCE | J5: STATUT DE L'ACTION
A7: Grille d'auto-évaluation de la prise en charge médicamenteuse en HAD
A8: MANAGEMENT DE LA QUALITE DE LA PRISE EN CHARGE MEDICAMEUTEUSE
A9: ='Grille autoévaluation'!A6 -> 1 | B9: ='Grille autoévaluation'!B6 -> 0 | C9: ='Grille autoévaluation'!C6 -> Il existe une politique d'amélioration de la qualité et de la sécurité de la prise en charge médicamenteuse | D9: ='Grille autoévaluation'!D6 -> 0 | E9: =IF(OR(D9="NA"),"",'Grille autoévaluation'!G6) -> 0
A10: ='Grille autoévaluation'!A7 -> 2 | B10: ='Grille autoévaluation'!B7 -> 0 | C10: ='Grille autoévaluation'!C7 -> Des indicateurs sont définis et suivis, en lien avec la politique et la gestion des risques de la PECM de la structure | D10: ='Grille autoévaluation'!D7 -> 0 | E10: =IF(OR(D10="NA"),"",'Grille autoévaluation'!G7) -> 0
A11: ='Grille autoévaluation'!A8 -> 3 | B11: ='Grille autoévaluation'!B8 -> 0 | C11: ='Grille autoévaluation'!C8 -> Les responsabilités et le rôle de chaque acteur dans la prise en charge du patient sont formalisés y compris les collaborations avec les professionnels libéraux | D11: ='Grille autoévaluation'!D8 -> 0 | E11: =IF(OR(D11="NA"),"",'Grille autoévaluation'!G8) -> 0
A12: ='Grille autoévaluation'!A9 -> 4 | B12: ='Grille autoévaluation'!B9 -> 0 | C12: ='Grille autoévaluation'!C9 -> Les missions du responsable de management de la qualité de la PECM sont définies | D12: ='Grille autoévaluation'!D9 -> 0 | E12: =IF(OR(D12="NA"),"",'Grille autoévaluation'!G9) -> 0
A13: ='Grille autoévaluation'!A10 -> 5 | B13: ='Grille autoévaluation'!B10 -> 0 | C13: ='Grille autoévaluation'!C10 -> L'HAD organise ou participe régulièrement à des réunions de coordination impliquant tous les partenaires | D13: ='Grille autoévaluation'!D10 -> 0 | E13: =IF(OR(D13="NA"),"",'Grille autoévaluation'!G10) -> 0
A14: ='Grille autoévaluation'!A11 -> 6 | B14: ='Grille autoévaluation'!B11 -> 0 | C14: ='Grille autoévaluation'!C11 -> Il existe une cartographie des risques à toutes les étapes de la prise en charge médicamenteuse et sur les dispositifs médicaux | D14: ='Grille autoévaluation'!D11 -> 0 | E14: =IF(OR(D14="NA"),"",'Grille autoévaluation'!G11) -> 0
A15: ='Grille autoévaluation'!A12 -> 7 | B15: ='Grille autoévaluation'!B12 -> 0 | C15: ='Grille autoévaluation'!C12 -> L'HAD a identifié des médicaments à risque, des situations à risque et des patients à risque et mis en place des dispositions spécifiques de prescription / gestion / préparation / administration et d'identification | D15: ='Grille autoévaluation'!D12 -> 0 | E15: =IF(OR(D15="NA"),"",'Grille autoévaluation'!G12) -> 0
A16: ='Grille autoévaluation'!A13 -> 8 | B16: ='Grille autoévaluation'!B13 -> 0 | C16: ='Grille autoévaluation'!C13 -> L'HAD met à disposition des outils actualisés et validés sur le médicament pour les professionnels | D16: ='Grille autoévaluation'!D13 -> 0 | E16: =IF(OR(D16="NA"),"",'Grille autoévaluation'!G13) -> 0
A17: ='Grille autoévaluation'!A14 -> 9 | B17: ='Grille autoévaluation'!B14 -> CHIMIO | C17: ='Grille autoévaluation'!C14 -> Il existe un protocole sur les chimiothérapies anti-cancéreuses injectables et orales en HAD | D17: ='Grille autoévaluation'!D14 -> 0 | E17: =IF(OR(D17="NA"),"",'Grille autoévaluation'!G14) -> 0
A18: ='Grille autoévaluation'!A15 -> 10 | B18: ='Grille autoévaluation'!B15 -> STUP | C18: ='Grille autoévaluation'!C15 -> Il existe un protocole sur les stupéfiants en HAD | D18: ='Grille autoévaluation'!D15 -> 0 | E18: =IF(OR(D18="NA"),"",'Grille autoévaluation'!G15) -> 0
A19: ='Grille autoévaluation'!A16 -> 11 | B19: ='Grille autoévaluation'!B16 -> PCA | C19: ='Grille autoévaluation'!C16 -> Il existe un protocole sur l'utilisation des PCA en HAD | D19: ='Grille autoévaluation'!D16 -> 0 | E19: =IF(OR(D19="NA"),"",'Grille autoévaluation'!G16) -> 0
A20: ='Grille autoévaluation'!A17 -> 12 | B20: ='Grille autoévaluation'!B17 -> MEOPA | C20: ='Grille autoévaluation'!C17 -> Il existe un protocole pour l'utilisation du MEOPA | D20: ='Grille autoévaluation'!D17 -> 0 | E20: =IF(OR(D20="NA"),"",'Grille autoévaluation'!G17) -> 0
... A25: ='Grille autoévaluation'!A22 -> 17 | B25: ='Grille autoévaluation'!B22 -> 0 | C25: ='Grille autoévaluation'!C22 -> Un dispositif de sensibilisation aux interruptions de tâches lors de la prise en charge médicamenteuse lors de la préparation des médicaments est déployé dans la structure | D25: ='Grille autoévaluation'!D22 -> 0 | E25: =IF(OR(D25="NA"),"",'Grille autoévaluation'!G22) -> 0
A26: GESTION DES ERREURS MEDICAMENTEUSES
A27: ='Grille autoévaluation'!A24 -> 18 | B27: ='Grille autoévaluation'!B24 -> 0 | C27: ='Grille autoévaluation'!C24 -> Il existe une charte d'incitation au signalement des erreurs médicamenteuses validée par la structure et connue des professionnels | D27: ='Grille autoévaluation'!D24 -> 0 | E27: =IF(OR(D27="NA"),"",'Grille autoévaluation'!G24) -> 0
A28: ='Grille autoévaluation'!A25 -> 19 | B28: ='Grille autoévaluation'!B25 -> 0 | C28: ='Grille autoévaluation'!C25 -> Des réunions d'analyse des erreurs médicamenteuses sont réalisées entre médecins, pharmacien et infirmiers (salariés et libéraux) intervenant dans la prise en charge du patient | D28: ='Grille autoévaluation'!D25 -> 0 | E28: =IF(OR(D28="NA"),"",'Grille autoévaluation'!G25) -> 0
A29: ='Grille autoévaluation'!A26 -> 20 | B29: ='Grille autoévaluation'!B26 -> 0 | C29: ='Grille autoévaluation'!C26 -> Les médecins, infirmiers et le pharmacien sont prévenus en cas d'erreurs et destinataires des retours d'expérience suite à l'analyse des EI. | D29: ='Grille autoévaluation'!D26 -> 0 | E29: =IF(OR(D29="NA"),"",'Grille autoévaluation'!G26) -> 0
A30: ='Grille autoévaluation'!A27 -> 21 | B30: ='Grille autoévaluation'!B27 -> 0 | C30: ='Grille autoévaluation'!C27 -> Les EIG médicamenteux sont signalés à l'ARS via le portail de signalement des événements sanitaires indésirables (https://signalement.social-sante.gouv.fr/psig_ihm_utilisateurs/index.html#/accueil) | D30: ='Grille autoévaluation'!D27 -> 0 | E30: =IF(OR(D30="NA"),"",'Grille autoévaluation'!G27) -> 0
A31: ='Grille autoévaluation'!A28 -> 22 | B31: ='Grille autoévaluation'!B28 -> 0 | C31: ='Grille autoévaluation'!C28 -> Les effets indésirables médicamenteux sont signalés au Centre Régional de Pharmacovigilance (CRPV) et les prescripteurs sont informés. | D31: ='Grille autoévaluation'!D28 -> 0 | E31: =IF(OR(D31="NA"),"",'Grille autoévaluation'!G28) -> 0
A32: ='Grille autoévaluation'!A29 -> 23 | B32: ='Grille autoévaluation'!B29 -> 0 | C32: ='Grille autoévaluation'!C29 -> Parmi les actions d'amélioration, la structure a priorisé la prévention des "Never Events médicamenteux" | D32: ='Grille autoévaluation'!D29 -> 0 | E32: =IF(OR(D32="NA"),"",'Grille autoévaluation'!G29) -> 0
A33: INFORMATISATION
A34: ='Grille autoévaluation'!A31 -> 24 | B34: ='Grille autoévaluation'!B31 -> 0 | C34: ='Grille autoévaluation'!C31 -> L'HAD dispose d'un support unique sécurisé par un identifiant et un mot de passe confidentiel et reservé à chaque prescripteur | D34: ='Grille autoévaluation'!D31 -> 0 | E34: =IF(OR(D34="NA"),"",'Grille autoévaluation'!G31) -> 0
A35: ='Grille autoévaluation'!A32 -> 25 | B35: ='Grille autoévaluation'!B32 -> 0 | C35: ='Grille autoévaluation'!C32 -> L'HAD met à disposition des moyens dédiés qui permettent de tracer l'administration des médicaments à domicile | D35: ='Grille autoévaluation'!D32 -> 0 | E35: =IF(OR(D35="NA"),"",'Grille autoévaluation'!G32) -> 0
A36: ='Grille autoévaluation'!A33 -> 26 | B36: ='Grille autoévaluation'!B33 -> 0 | C36: ='Grille autoévaluation'!C33 -> Un protocole décrit la conduite à tenir (procédure dégradée) en cas d'impossibilité d'accéder au logiciel informatique de soins ou de prescription (panne informatique, panne réseau...) et est connu par les professionnels | D36: ='Grille autoévaluation'!D33 -> 0 | E36: =IF(OR(D36="NA"),"",'Grille autoévaluation'!G33) -> 0
A37: FORMATION ET SENSIBILISATION
A38: ='Grille autoévaluation'!A35 -> 27 | B38: ='Grille autoévaluation'!B35 -> 0 | C38: ='Grille autoévaluation'!C35 -> Tous les nouveaux arrivants ont bénéficié d'une formation sur les modalités de la PECM de l'HAD (guide du nouvel arrivant) | D38: ='Grille autoévaluation'!D35 -> 0 | E38: =IF(OR(D38="NA"),"",'Grille autoévaluation'!G35) -> 0
A39: ='Grille autoévaluation'!A36 -> 28 | B39: ='Grille autoévaluation'!B36 -> 0 | C39: ='Grille autoévaluation'!C36 -> Une évaluation des connaissances lors de la formation des nouveaux arrivants en HAD est réalisée | D39: ='Grille autoévaluation'!D36 -> 0 | E39: =IF(OR(D39="NA"),"",'Grille autoévaluation'!G36) -> 0
A40: ='Grille autoévaluation'!A37 -> 29 | B40: ='Grille autoévaluation'!B37 -> 0 | C40: ='Grille autoévaluation'!C37 -> Des formations avec une réactualisation régulière des connaissances sont proposées aux professionnels sur la prise en charge médicamenteuse | D40: ='Grille autoévaluation'!D37 -> 0 | E40: =IF(OR(D40="NA"),"",'Grille autoévaluation'!G37) -> 0
A41: ='Grille autoévaluation'!A38 -> 30 | B41: ='Grille autoévaluation'!B38 -> CHIMIO | C41: ='Grille autoévaluation'!C38 -> L'HAD a organisé la formation et la sensibilisation des professionnels à la manipulation des cytotoxiques injectables et per os | D41: ='Grille autoévaluation'!D38 -> 0 | E41: =IF(OR(D41="NA"),"",'Grille autoévaluation'!G38) -> 0
A42: ='Grille autoévaluation'!A39 -> 31 | B42: ='Grille autoévaluation'!B39 -> PCA | C42: ='Grille autoévaluation'!C39 -> L'HAD a organisé la formation des professionnels à l'utilisation des PCA | D42: ='Grille autoévaluation'!D39 -> 0 | E42: =IF(OR(D42="NA"),"",'Grille autoévaluation'!G39) -> 0
A43: ='Grille autoévaluation'!A40 -> 32 | B43: ='Grille autoévaluation'!B40 -> MEOPA | C43: ='Grille autoévaluation'!C40 -> L'HAD a organisé la formation et la sensibilisation des professionnels à l'utilisation du MEOPA | D43: ='Grille autoévaluation'!D40 -> 0 | E43: =IF(OR(D43="NA"),"",'Grille autoévaluation'!G40) -> 0
A44: Grille d'audit croisé de la prise en charge médicamenteuse en HAD
A45: BILAN D'ADMISSION
A46: ='Grille audit croisé'!A5 -> 1 | B46: ='Grille audit croisé'!B5 -> 0 | C46: ='Grille audit croisé'!C5 -> Les critères d'admission à la HAD sont définis, inscrits dans un protocole et connus des professionnels de l'HAD | D46: ='Grille audit croisé'!D5 -> 0 | E46: =IF(OR(D46="NA"),"",'Grille audit croisé'!G5) -> 0
A47: ='Grille audit croisé'!A6 -> 2 | B47: ='Grille audit croisé'!B6 -> 0 | C47: ='Grille audit croisé'!C6 -> Le médecin coordonnateur évalue la pertinence de la prescription d'HAD | D47: ='Grille audit croisé'!D6 -> 0 | E47: =IF(OR(D47="NA"),"",'Grille audit croisé'!G6) -> 0
A48: ='Grille audit croisé'!A7 -> 3 | B48: ='Grille audit croisé'!B7 -> 0 | C48: ='Grille audit croisé'!C7 -> Le médecin traitant est contacté pour information et accord de la prise en charge de son patient en HAD | D48: ='Grille audit croisé'!D7 -> 0 | E48: =IF(OR(D48="NA"),"",'Grille audit croisé'!G7) -> 0
A49: ='Grille audit croisé'!A8 -> 4 | B49: ='Grille audit croisé'!B8 -> 0 | C49: ='Grille audit croisé'!C8 -> Le dossier du patient (ou autre support institutionnel) permet de recueillir l'identité des professionnels en charge du patient (ville et hôpital) | D49: ='Grille audit croisé'!D8 -> 0 | E49: =IF(OR(D49="NA"),"",'Grille audit croisé'!G8) -> 0
A50: ='Grille audit croisé'!A9 -> 5 | B50: ='Grille audit croisé'!B9 -> 0 | C50: ='Grille audit croisé'!C9 -> Le médecin coordonnateur demande un bilan des médicaments du patient à son admission en HAD (ou une conciliation médicamenteuse est présente) | D50: ='Grille audit croisé'!D9 -> 0 | E50: =IF(OR(D50="NA"),"",'Grille audit croisé'!G9) -> 0
A51: ='Grille audit croisé'!A10 -> 6 | B51: ='Grille audit croisé'!B10 -> 0 | C51: ='Grille audit croisé'!C10 -> Une évaluation initiale dès l'admission des aptitudes des patients et /ou de l'entourage (degré d'autonomie) et des capacités d'observance à l'aide d'une grille d'évaluation est réalisée | D51: ='Grille audit croisé'!D10 -> 0 | E51: =IF(OR(D51="NA"),"",'Grille audit croisé'!G10) -> 0
A52: ='Grille audit croisé'!A11 -> 7 | B52: ='Grille audit croisé'!B11 -> 0 | C52: ='Grille audit croisé'!C11 -> Les capacités de déglutition du patient sont déterminées à l'entrée, indiquées dans le dossier, réévaluées régulièrement et sont prises en compte pour la prescription des traitements | D52: ='Grille audit croisé'!D11 -> 0 | E52: =IF(OR(D52="NA"),"",'Grille audit croisé'!G11) -> 0
A53: ='Grille audit croisé'!A12 -> 8 | B53: ='Grille audit croisé'!B12 -> 0 | C53: ='Grille audit croisé'!C12 -> Une évaluation de la douleur est réalisée à l'entrée pour les patients le nécessitant et réévaluée selon une échelle validée et identique à chaque passage | D53: ='Grille audit croisé'!D12 -> 0 | E53: =IF(OR(D53="NA"),"",'Grille audit croisé'!G12) -> 0
A54: ='Grille audit croisé'!A13 -> 9 | B54: ='Grille audit croisé'!B13 -> 0 | C54: ='Grille audit croisé'!C13 -> La taille, le poids et la fonction rénale du patient sont tracés dans le dossier et réévalués régulièrement | D54: ='Grille audit croisé'!D13 -> 0 | E54: =IF(OR(D54="NA"),"",'Grille audit croisé'!G13) -> 0
A55: ='Grille audit croisé'!A14 -> 10 | B55: ='Grille audit croisé'!B14 -> 0 | C55: ='Grille audit croisé'!C14 -> Il existe une organisation pour informer le patient/l'aidant sur le bon usage des médicament dans les situations le nécessitant (à l'entrée, lors de modifications de traitements, à la sortie etc...) | D55: ='Grille audit croisé'!D14 -> 0 | E55: =IF(OR(D55="NA"),"",'Grille audit croisé'!G14) -> 0
A56: ='Grille audit croisé'!A15 -> 11 | B56: ='Grille audit croisé'!B15 -> CHIMIO | C56: ='Grille audit croisé'!C15 -> L'éligibilité de la prise en charge des patients atteints de cancers en HAD a été déterminée après administration d'une 1ère cure en HDJ et validation du thésaurus régional des chimiothérapies injectables selon la faisabilité du protocole en HAD | D56: ='Grille audit croisé'!D15 -> 0 | E56: =IF(OR(D56="NA"),"",'Grille audit croisé'!G15) -> 0
A57: ='Grille audit croisé'!A16 -> 12 | B57: ='Grille audit croisé'!B16 -> 0 | C57: ='Grille audit croisé'!C16 -> La vérification de la présence de toutes les ordonnances pour l'initiation du traitement au domicile du patient est effectuée | D57: ='Grille audit croisé'!D16 -> 0 | E57: =IF(OR(D57="NA"),"",'Grille audit croisé'!G16) -> 0
A58: ='Grille audit croisé'!A17 -> 13 | B58: ='Grille audit croisé'!B17 -> 0 | C58: ='Grille audit croisé'!C17 -> Les médicaments et dispositifs médicaux nécessaires à la prise en charge en HAD sont transmis à la pharmacie en amont de la prise en charge | D58: ='Grille audit croisé'!D17 -> 0 | E58: =IF(OR(D58="NA"),"",'Grille audit croisé'!G17) -> 0
A59: PRESCRIPTIONS
A60: ='Grille audit croisé'!A19 -> 14 | B60: ='Grille audit croisé'!B19 -> 0 | C60: ='Grille audit croisé'!C19 -> Les outils d'aide à la prescription pour l'HAD sont actualisés, validés et mis à disposition du médecin traitant par l'HAD | D60: ='Grille audit croisé'!D19 -> 0 | E60: =IF(OR(D60="NA"),"",'Grille audit croisé'!G19) -> 0
A61: ='Grille audit croisé'!A20 -> 15 | B61: ='Grille audit croisé'!B20 -> 0 | C61: ='Grille audit croisé'!C20 -> Les prescriptions sont réalisées sur un support unique de prescription/administration | D61: ='Grille audit croisé'!D20 -> 0 | E61: =IF(OR(D61="NA"),"",'Grille audit croisé'!G20) -> 0
A62: ='Grille audit croisé'!A21 -> 16 | B62: ='Grille audit croisé'!B21 -> 0 | C62: ='Grille audit croisé'!C21 -> Le médecin traitant et le médecin coordonnateur se sont organisés pour prescrire et centraliser les ordonnances du patient | D62: ='Grille audit croisé'!D21 -> 0 | E62: =IF(OR(D62="NA"),"",'Grille audit croisé'!G21) -> 0
A63: ='Grille audit croisé'!A22 -> 17 | B63: ='Grille audit croisé'!B22 -> 0 | C63: ='Grille audit croisé'!C22 -> Les prescriptions sont intégralement conformes aux bonnes pratiques | D63: ='Grille audit croisé'!D22 -> 0 | E63: =IF(OR(D63="NA"),"",'Grille audit croisé'!G22) -> 0
A64: ='Grille audit croisé'!A23 -> 18 | B64: ='Grille audit croisé'!B23 -> STUP | C64: ='Grille audit croisé'!C23 -> Les prescriptions de stupéfiants sont adaptées à l'intensité de la douleur évaluée et tracée dans le dossier | D64: ='Grille audit croisé'!D23 -> 0 | E64: =IF(OR(D64="NA"),"",'Grille audit croisé'!G23) -> 0
A65: ='Grille audit croisé'!A24 -> 19 | B65: ='Grille audit croisé'!B24 -> STUP | C65: ='Grille audit croisé'!C24 -> Les prescriptions conditionnelles de stupéfiants font l'objet d'un protocole d'administration nominatif détaillant les modalités de prise | D65: ='Grille audit croisé'!D24 -> 0 | E65: =IF(OR(D65="NA"),"",'Grille audit croisé'!G24) -> 0
A66: ='Grille audit croisé'!A25 -> 20 | B66: ='Grille audit croisé'!B25 -> 0 | C66: ='Grille audit croisé'!C25 -> Toute prescripition d'un traitement antibiotique répond à une justification et est réévaluée entre 48h et 72h selon la clinique et l'antibiogramme | D66: ='Grille audit croisé'!D25 -> 0 | E66: =IF(OR(D66="NA"),"",'Grille audit croisé'!G25) -> 0
A67: ='Grille audit croisé'!A26 -> 21 | B67: ='Grille audit croisé'!B26 -> 0 | C67: ='Grille audit croisé'!C26 -> Toute modification de traitement est relayée sur le support unique de prescription / administration | D67: ='Grille audit croisé'!D26 -> 0 | E67: =IF(OR(D67="NA"),"",'Grille audit croisé'!G26) -> 0
A68: ='Grille audit croisé'!A27 -> 22 | B68: ='Grille audit croisé'!B27 -> CHIMIO | C68: ='Grille audit croisé'!C27 -> Dans le cadre d'une prise en charge des patients atteints de cancer, le dossier du patient comprend le protocole de chimiothérapie, le planning des cycles, les ordonnances, la lettre de consentement et le plan personnalisé de soin | D68: ='Grille audit croisé'!D27 -> 0 | E68: =IF(OR(D68="NA"),"",'Grille audit croisé'!G27) -> 0
A69: ='Grille audit croisé'!A28 -> 23 | B69: ='Grille audit croisé'!B28 -> CHIMIO | C69: ='Grille audit croisé'!C28 -> Une consultation médicale et un bilan biologique sont effectués la veille ou le jour de chaque nouvelle administration de chimiothérapie anti-cancéreuse (feu vert médical) | D69: ='Grille audit croisé'!D28 -> 0 | E69: =IF(OR(D69="NA"),"",'Grille audit croisé'!G28) -> 0
A70: ='Grille audit croisé'!A29 -> 24 | B70: ='Grille audit croisé'!B29 -> PCA | C70: ='Grille audit croisé'!C29 -> La prescription médicale de la PCA est réalisée sur un support/modèle de prescription "type" | D70: ='Grille audit croisé'!D29 -> 0 | E70: =IF(OR(D70="NA"),"",'Grille audit croisé'!G29) -> 0
A71: ='Grille audit croisé'!A30 -> 25 | B71: ='Grille audit croisé'!B30 -> PCA | C71: ='Grille audit croisé'!C30 -> La prescription médicale comporte la surveillance des paramètres du patient (effets secondaires, surdosage) | D71: ='Grille audit croisé'!D30 -> 0 | E71: =IF(OR(D71="NA"),"",'Grille audit croisé'!G30) -> 0
... A73: ='Grille audit croisé'!A32 -> 27 | B73: ='Grille audit croisé'!B32 -> MEOPA | C73: ='Grille audit croisé'!C32 -> Les soins avec utilisation du MEOPA sont prescrits et limités aux indications pertinentes | D73: ='Grille audit croisé'!D32 -> 0 | E73: =IF(OR(D73="NA"),"",'Grille audit croisé'!G32) -> 0
A74: DISPENSATION - Pharmacie d'officine ou PUI
A75: ='Grille audit croisé'!A34 -> 28 | B75: ='Grille audit croisé'!B34 -> 0 | C75: ='Grille audit croisé'!C34 -> Une convention entre la structure HAD et la pharmacie d'officine et/ou l'établissement réalisant la sous traitance a été signée pour la dispensation et la préparation des médicaments (y compris les cytotoxiques) | D75: ='Grille audit croisé'!D34 -> 0 | E75: =IF(OR(D75="NA"),"",'Grille audit croisé'!G34) -> 0
A76: ='Grille audit croisé'!A35 -> 29 | B76: ='Grille audit croisé'!B35 -> 0 | C76: ='Grille audit croisé'!C35 -> Le pharmacien dispose des coordonnées des professionnels de l'HAD | D76: ='Grille audit croisé'!D35 -> 0 | E76: =IF(OR(D76="NA"),"",'Grille audit croisé'!G35) -> 0
A77: ='Grille audit croisé'!A36 -> 30 | B77: ='Grille audit croisé'!B36 -> 0 | C77: ='Grille audit croisé'!C36 -> Les modalités de communication pharmacie-soignants sont précisés et sont utilisées et les échanges sont tracés | D77: ='Grille audit croisé'!D36 -> 0 | E77: =IF(OR(D77="NA"),"",'Grille audit croisé'!G36) -> 0
A78: ='Grille audit croisé'!A37 -> 31 | B78: ='Grille audit croisé'!B37 -> 0 | C78: ='Grille audit croisé'!C37 -> La conciliation médicamenteuse est mise en œuvre pour les situations les plus à risque | D78: ='Grille audit croisé'!D37 -> 0 | E78: =IF(OR(D78="NA"),"",'Grille audit croisé'!G37) -> 0
A79: ='Grille audit croisé'!A38 -> 32 | B79: ='Grille audit croisé'!B38 -> 0 | C79: ='Grille audit croisé'!C38 -> Il est systématiquement proposé au patient l'ouverture de son dossier médical partagé | D79: ='Grille audit croisé'!D38 -> 0 | E79: =IF(OR(D79="NA"),"",'Grille audit croisé'!G38) -> 0
A80: ='Grille audit croisé'!A39 -> 33 | B80: ='Grille audit croisé'!B39 -> 0 | C80: ='Grille audit croisé'!C39 -> L'analyse pharmaceutique est organisée et pertinente et intègre les informations du dossier pharmaceutique s'il existe | D80: ='Grille audit croisé'!D39 -> 0 | E80: =IF(OR(D80="NA"),"",'Grille audit croisé'!G39) -> 0
A81: ='Grille audit croisé'!A40 -> 34 | B81: ='Grille audit croisé'!B40 -> 0 | C81: ='Grille audit croisé'!C40 -> Le traitement du patient est délivré nominativement par la pharmacie (officine ou PUI) et transporté dans des contenants nominatifs et fermés | D81: ='Grille audit croisé'!D40 -> 0 | E81: =IF(OR(D81="NA"),"",'Grille audit croisé'!G40) -> 0
A82: ='Grille audit croisé'!A41 -> 35 | B82: ='Grille audit croisé'!B41 -> PCA | C82: ='Grille audit croisé'!C41 -> Un contrôle des doses est effectué au moment de la dispensation d'une prescription de PCA | D82: ='Grille audit croisé'!D41 -> 0 | E82: =IF(OR(D82="NA"),"",'Grille audit croisé'!G41) -> 0
A83: ='Grille audit croisé'!A42 -> 36 | B83: ='Grille audit croisé'!B42 -> 0 | C83: ='Grille audit croisé'!C42 -> Les retours de médicaments de l'HAD sont sécurisés et gérés (y compris la destruction des stupéfiants) et sont distincts des retours suite à retrait de lot | D83: ='Grille audit croisé'!D42 -> 0 | E83: =IF(OR(D83="NA"),"",'Grille audit croisé'!G42) -> 0
A84: ='Grille audit croisé'!A43 -> 37 | B84: ='Grille audit croisé'!B43 -> 0 | C84: ='Grille audit croisé'!C43 -> Les retraits de lot sont mis en œuvre dès publication par l'ANSM (et/ou fournisseurs) et les actions mises en œuvre dans le cadre de ces retraits sont tracées | D84: ='Grille audit croisé'!D43 -> 0 | E84: =IF(OR(D84="NA"),"",'Grille audit croisé'!G43) -> 0
A85: ='Grille audit croisé'!A44 -> 38 | B85: ='Grille audit croisé'!B44 -> 0 | C85: ='Grille audit croisé'!C44 -> Il existe une permanence pharmaceutique (modalités d'accès aux médicaments) pendant la fermeture de la pharmacie | D85: ='Grille audit croisé'!D44 -> 0 | E85: =IF(OR(D85="NA"),"",'Grille audit croisé'!G44) -> 0
A86: ADMINISTRATION AU DOMICILE
A87: PREPARATION DES MEDICAMENTS
A88: ='Grille audit croisé'!A47 -> 39 | B88: ='Grille audit croisé'!B47 -> 0 | C88: ='Grille audit croisé'!C47 -> La préparation des médicaments (injectables ou écrasables) est réalisée de manière extemporanée, le plus près possible de l'administration des médicaments (hors anti-cancéreux) | D88: ='Grille audit croisé'!D47 -> 0 | E88: =IF(OR(D88="NA"),"",'Grille audit croisé'!G47) -> 0
A89: ='Grille audit croisé'!A48 -> 40 | B89: ='Grille audit croisé'!B48 -> 0 | C89: ='Grille audit croisé'!C48 -> Les règles d'hygiène pour la préparation des médicaments injectables sont décrites et respectées | D89: ='Grille audit croisé'!D48 -> 0 | E89: =IF(OR(D89="NA"),"",'Grille audit croisé'!G48) -> 0
A90: ='Grille audit croisé'!A49 -> 41 | B90: ='Grille audit croisé'!B49 -> 0 | C90: ='Grille audit croisé'!C49 -> L'étiquetage des injectables (poches de perfusion ou seringues) comporte tous les éléments de conformité | D90: ='Grille audit croisé'!D49 -> 0 | E90: =IF(OR(D90="NA"),"",'Grille audit croisé'!G49) -> 0
A91: ='Grille audit croisé'!A50 -> 42 | B91: ='Grille audit croisé'!B50 -> 0 | C91: ='Grille audit croisé'!C50 -> Les piluliers ou moyens de distribution sont identifiés par patient | D91: ='Grille audit croisé'!D50 -> 0 | E91: =IF(OR(D91="NA"),"",'Grille audit croisé'!G50) -> 0
A92: ='Grille audit croisé'!A51 -> 43 | B92: ='Grille audit croisé'!B51 -> 0 | C92: ='Grille audit croisé'!C51 -> Des outils adaptés permettant d'écraser les médicaments sont utilisés et sont nettoyés après chaque utilisation | D92: ='Grille audit croisé'!D51 -> 0 | E92: =IF(OR(D92="NA"),"",'Grille audit croisé'!G51) -> 0
A93: ='Grille audit croisé'!A52 -> 44 | B93: ='Grille audit croisé'!B52 -> 0 | C93: ='Grille audit croisé'!C52 -> En cas de prescription de médicaments écrasables, la possibilité d'écraser le médicament est connue ou vérifiée avant administration | D93: ='Grille audit croisé'!D52 -> 0 | E93: =IF(OR(D93="NA"),"",'Grille audit croisé'!G52) -> 0
A94: ='Grille audit croisé'!A53 -> 45 | B94: ='Grille audit croisé'!B53 -> CHIMIO | C94: ='Grille audit croisé'!C53 -> Le matériel nécessaire pour la manipulation et l'injection de chimiothérapies anti-cancéreuses (injectables et per os) est mis à disposition | D94: ='Grille audit croisé'!D53 -> 0 | E94: =IF(OR(D94="NA"),"",'Grille audit croisé'!G53) -> 0
A95: ='Grille audit croisé'!A54 -> 46 | B95: ='Grille audit croisé'!B54 -> PCA | C95: ='Grille audit croisé'!C54 -> Un double contrôle de calcul des doses est effectué au moment de la préparation de la PCA | D95: ='Grille audit croisé'!D54 -> 0 | E95: =IF(OR(D95="NA"),"",'Grille audit croisé'!G54) -> 0
A96: ADMINISTRATION DES MEDICAMENTS
A97: ='Grille audit croisé'!A56 -> 47 | B97: ='Grille audit croisé'!B56 -> 0 | C97: ='Grille audit croisé'!C56 -> La vérification de l'identité du patient lors de la première visite de chaque professionnel est réalisée | D97: ='Grille audit croisé'!D56 -> 0 | E97: =IF(OR(D97="NA"),"",'Grille audit croisé'!G56) -> 0
A98: ='Grille audit croisé'!A57 -> 48 | B98: ='Grille audit croisé'!B57 -> 0 | C98: ='Grille audit croisé'!C57 -> La concordance entre le produit, le patient et la prescription est systématiquement réalisée avant administration | D98: ='Grille audit croisé'!D57 -> 0 | E98: =IF(OR(D98="NA"),"",'Grille audit croisé'!G57) -> 0
A99: ='Grille audit croisé'!A58 -> 49 | B99: ='Grille audit croisé'!B58 -> 0 | C99: ='Grille audit croisé'!C58 -> Dans le cas où le patient/l'aidant participe à sa prise en charge médicamenteuse, les consignes particulières de prises sont rappelées | D99: ='Grille audit croisé'!D58 -> 0 | E99: =IF(OR(D99="NA"),"",'Grille audit croisé'!G58) -> 0
A100: ='Grille audit croisé'!A59 -> 50 | B100: ='Grille audit croisé'!B59 -> 0 | C100: ='Grille audit croisé'!C59 -> Les médicaments per os restent identifiables jusqu’au moment de leur administration y compris la date de péremption | D100: ='Grille audit croisé'!D59 -> 0 | E100: =IF(OR(D100="NA"),"",'Grille audit croisé'!G59) -> 0
A101: ='Grille audit croisé'!A60 -> 51 | B101: ='Grille audit croisé'!B60 -> 0 | C101: ='Grille audit croisé'!C60 -> Les médicaments injectables restent identifiables jusqu’au moment de leur administration y compris la date de péremption | D101: ='Grille audit croisé'!D60 -> 0 | E101: =IF(OR(D101="NA"),"",'Grille audit croisé'!G60) -> 0
A102: ='Grille audit croisé'!A61 -> 52 | B102: ='Grille audit croisé'!B61 -> 0 | C102: ='Grille audit croisé'!C61 -> La date d'ouverture et/ou la date limite d'utilisation des médicaments multidoses est inscrite sur le flacon | D102: ='Grille audit croisé'!D61 -> 0 | E102: =IF(OR(D102="NA"),"",'Grille audit croisé'!G61) -> 0
A103: ='Grille audit croisé'!A62 -> 53 | B103: ='Grille audit croisé'!B62 -> 0 | C103: ='Grille audit croisé'!C62 -> La personne qui administre les médicaments est identifiée | D103: ='Grille audit croisé'!D62 -> 0 | E103: =IF(OR(D103="NA"),"",'Grille audit croisé'!G62) -> 0
A104: ='Grille audit croisé'!A63 -> 54 | B104: ='Grille audit croisé'!B63 -> 0 | C104: ='Grille audit croisé'!C63 -> L'administration des médicaments est tracée en temps réel et pour chaque molécule sur un support unique au regard de la prescription (hors patient autonome) | D104: ='Grille audit croisé'!D63 -> 0 | E104: =IF(OR(D104="NA"),"",'Grille audit croisé'!G63) -> 0
A105: ='Grille audit croisé'!A64 -> 55 | B105: ='Grille audit croisé'!B64 -> 0 | C105: ='Grille audit croisé'!C64 -> La non administration et le motif sont tracés par le professionnel en charge de l'administration des médicaments | D105: ='Grille audit croisé'!D64 -> 0 | E105: =IF(OR(D105="NA"),"",'Grille audit croisé'!G64) -> 0
A106: ='Grille audit croisé'!A65 -> 56 | B106: ='Grille audit croisé'!B65 -> 0 | C106: ='Grille audit croisé'!C65 -> Dans le cas où le patient/l'aidant participe à sa prise en charge médicamenteuse, la prise effective du médicament par le patient est vérifiée et tracée | D106: ='Grille audit croisé'!D65 -> 0 | E106: =IF(OR(D106="NA"),"",'Grille audit croisé'!G65) -> 0
A107: ='Grille audit croisé'!A66 -> 57 | B107: ='Grille audit croisé'!B66 -> 0 | C107: ='Grille audit croisé'!C66 -> Les actes d'aide à la prise de médicaments non injectables sont réalisés en collaboration avec un aide soignant sous la responsabilité des IDE | D107: ='Grille audit croisé'!D66 -> 0 | E107: =IF(OR(D107="NA"),"",'Grille audit croisé'!G66) -> 0
...

Sheet Analyse Qual'Va
A1: ='Informations générales'!B10 -> Nom de l'HAD : | B1: ='Informations générales'!C10 -> 0
A2: ='Informations générales'!B12 -> Date de l'audit en autoévaluation : (xx/xx/20xx) | B2: ='Informations générales'!C12 -> 0
A3: ='Informations générales'!B14 -> Date de l'audit croisé: (xx/xx/20xx) | B3: ='Informations générales'!C14 -> 0
A4: ='Informations générales'!B16 -> Nom des auditeurs : | B4: ='Informations générales'!C16 -> 0
A5: Grille autoévaluation
A6: MANAGEMENT DE LA QUALITE DE LA PRISE EN CHARGE MEDICAMENTEUSE
A7: ='Grille autoévaluation'!A6 -> 1 | B7: ='Grille autoévaluation'!D6 -> 0
A8: ='Grille autoévaluation'!A7 -> 2 | B8: ='Grille autoévaluation'!D7 -> 0
A9: ='Grille autoévaluation'!A8 -> 3 | B9: ='Grille autoévaluation'!D8 -> 0
A10: ='Grille autoévaluation'!A9 -> 4 | B10: ='Grille autoévaluation'!D9 -> 0
A11: ='Grille autoévaluation'!A10 -> 5 | B11: ='Grille autoévaluation'!D10 -> 0
A12: ='Grille autoévaluation'!A11 -> 6 | B12: ='Grille autoévaluation'!D11 -> 0
A13: ='Grille autoévaluation'!A12 -> 7 | B13: ='Grille autoévaluation'!D12 -> 0
A14: ='Grille autoévaluation'!A13 -> 8 | B14: ='Grille autoévaluation'!D13 -> 0
A15: ='Grille autoévaluation'!A14 -> 9 | B15: ='Grille autoévaluation'!D14 -> 0
A16: ='Grille autoévaluation'!A15 -> 10 | B16: ='Grille autoévaluation'!D15 -> 0
A17: ='Grille autoévaluation'!A16 -> 11 | B17: ='Grille autoévaluation'!D16 -> 0
A18: ='Grille autoévaluation'!A17 -> 12 | B18: ='Grille autoévaluation'!D17 -> 0
... A23: ='Grille autoévaluation'!A22 -> 17 | B23: ='Grille autoévaluation'!D22 -> 0
A24: ='Grille autoévaluation'!A23 -> GESTION DES ERREURS MEDICAMENTEUSES
A25: ='Grille autoévaluation'!A24 -> 18 | B25: ='Grille autoévaluation'!D24 -> 0
A26: ='Grille autoévaluation'!A25 -> 19 | B26: ='Grille autoévaluation'!D25 -> 0
A27: ='Grille autoévaluation'!A26 -> 20 | B27: ='Grille autoévaluation'!D26 -> 0
A28: ='Grille autoévaluation'!A27 -> 21 | B28: ='Grille autoévaluation'!D27 -> 0
A29: ='Grille autoévaluation'!A28 -> 22 | B29: ='Grille autoévaluation'!D28 -> 0
A30: ='Grille autoévaluation'!A29 -> 23 | B30: ='Grille autoévaluation'!D29 -> 0
A31: ='Grille autoévaluation'!A30 -> INFORMATISATION
A32: ='Grille autoévaluation'!A31 -> 24 | B32: ='Grille autoévaluation'!D31 -> 0
A33: ='Grille autoévaluation'!A32 -> 25 | B33: ='Grille autoévaluation'!D32 -> 0
A34: ='Grille autoévaluation'!A33 -> 26 | B34: ='Grille autoévaluation'!D33 -> 0
A35: ='[2]Grille autoévaluation'!A34 -> FORMATION ET SENSIBILISATION
A36: ='Grille autoévaluation'!A35 -> 27 | B36: ='Grille autoévaluation'!D35 -> 0
A37: ='Grille autoévaluation'!A36 -> 28 | B37: ='Grille autoévaluation'!D36 -> 0
A38: ='Grille autoévaluation'!A37 -> 29 | B38: ='Grille autoévaluation'!D37 -> 0
A39: ='Grille autoévaluation'!A38 -> 30 | B39: ='Grille autoévaluation'!D38 -> 0
A40: ='Grille autoévaluation'!A39 -> 31 | B40: ='Grille autoévaluation'!D39 -> 0
A41: ='Grille autoévaluation'!A40 -> 32 | B41: ='Grille autoévaluation'!D40 -> 0
A42: Grille Audit Croisé
A43: BILAN D'ADMISSION
A44: ='Grille audit croisé'!A5 -> 1 | B44: ='Grille audit croisé'!D5 -> 0
A45: ='Grille audit croisé'!A6 -> 2 | B45: ='Grille audit croisé'!D6 -> 0
A46: ='Grille audit croisé'!A7 -> 3 | B46: ='Grille audit croisé'!D7 -> 0
A47: ='Grille audit croisé'!A8 -> 4 | B47: ='Grille audit croisé'!D8 -> 0
A48: ='Grille audit croisé'!A9 -> 5 | B48: ='Grille audit croisé'!D9 -> 0
A49: ='Grille audit croisé'!A10 -> 6 | B49: ='Grille audit croisé'!D10 -> 0
A50: ='Grille audit croisé'!A11 -> 7 | B50: ='Grille audit croisé'!D11 -> 0
A51: ='Grille audit croisé'!A12 -> 8 | B51: ='Grille audit croisé'!D12 -> 0
A52: ='Grille audit croisé'!A13 -> 9 | B52: ='Grille audit croisé'!D13 -> 0
A53: ='Grille audit croisé'!A14 -> 10 | B53: ='Grille audit croisé'!D14 -> 0
A54: ='Grille audit croisé'!A15 -> 11 | B54: ='Grille audit croisé'!D15 -> 0
A55: ='Grille audit croisé'!A16 -> 12 | B55: ='Grille audit croisé'!D16 -> 0
A56: ='Grille audit croisé'!A17 -> 13 | B56: ='Grille audit croisé'!D17 -> 0
A57: ='[2]Grille audit croisé'!A18 -> PRESCRIPTIONS
A58: ='Grille audit croisé'!A19 -> 14 | B58: ='Grille audit croisé'!D19 -> 0
A59: ='Grille audit croisé'!A20 -> 15 | B59: ='Grille audit croisé'!D20 -> 0
A60: ='Grille audit croisé'!A21 -> 16 | B60: ='Grille audit croisé'!D21 -> 0
A61: ='Grille audit croisé'!A22 -> 17 | B61: ='Grille audit croisé'!D22 -> 0
A62: ='Grille audit croisé'!A23 -> 18 | B62: ='Grille audit croisé'!D23 -> 0
A63: ='Grille audit croisé'!A24 -> 19 | B63: ='Grille audit croisé'!D24 -> 0
A64: ='Grille audit croisé'!A25 -> 20 | B64: ='Grille audit croisé'!D25 -> 0
A65: ='Grille audit croisé'!A26 -> 21 | B65: ='Grille audit croisé'!D26 -> 0
A66: ='Grille audit croisé'!A27 -> 22 | B66: ='Grille audit croisé'!D27 -> 0
A67: ='Grille audit croisé'!A28 -> 23 | B67: ='Grille audit croisé'!D28 -> 0
A68: ='Grille audit croisé'!A29 -> 24 | B68: ='Grille audit croisé'!D29 -> 0
A69: ='Grille audit croisé'!A30 -> 25 | B69: ='Grille audit croisé'!D30 -> 0
... A71: ='Grille audit croisé'!A32 -> 27 | B71: ='Grille audit croisé'!D32 -> 0
A72: ='Grille audit croisé'!A33 -> DISPENSATION - Pharmacie d'officine ou PUI
A73: ='Grille audit croisé'!A34 -> 28 | B73: ='Grille audit croisé'!D34 -> 0
A74: ='Grille audit croisé'!A35 -> 29 | B74: ='Grille audit croisé'!D35 -> 0
A75: ='Grille audit croisé'!A36 -> 30 | B75: ='Grille audit croisé'!D36 -> 0
A76: ='Grille audit croisé'!A37 -> 31 | B76: ='Grille audit croisé'!D37 -> 0
A77: ='Grille audit croisé'!A38 -> 32 | B77: ='Grille audit croisé'!D38 -> 0
A78: ='Grille audit croisé'!A39 -> 33 | B78: ='Grille audit croisé'!D39 -> 0
A79: ='Grille audit croisé'!A40 -> 34 | B79: ='Grille audit croisé'!D40 -> 0
A80: ='Grille audit croisé'!A41 -> 35 | B80: ='Grille audit croisé'!D41 -> 0
A81: ='Grille audit croisé'!A42 -> 36 | B81: ='Grille audit croisé'!D42 -> 0
A82: ='Grille audit croisé'!A43 -> 37 | B82: ='Grille audit croisé'!D43 -> 0
A83: ='Grille audit croisé'!A44 -> 38 | B83: ='Grille audit croisé'!D44 -> 0
A84: ='Grille audit croisé'!A45 -> ADMINISTRATION ET SUIVI THERAPEUTIQUE AU DOMICILE
A85: ='Grille audit croisé'!A46 -> PREPARATION DES MEDICAMENTS
A86: ='Grille audit croisé'!A47 -> 39 | B86: ='Grille audit croisé'!D47 -> 0
A87: ='Grille audit croisé'!A48 -> 40 | B87: ='Grille audit croisé'!D48 -> 0
A88: ='Grille audit croisé'!A49 -> 41 | B88: ='Grille audit croisé'!D49 -> 0
A89: ='Grille audit croisé'!A50 -> 42 | B89: ='Grille audit croisé'!D50 -> 0
A90: ='Grille audit croisé'!A51 -> 43 | B90: ='Grille audit croisé'!D51 -> 0
A91: ='Grille audit croisé'!A52 -> 44 | B91: ='Grille audit croisé'!D52 -> 0
A92: ='Grille audit croisé'!A53 -> 45 | B92: ='Grille audit croisé'!D53 -> 0
A93: ='Grille audit croisé'!A54 -> 46 | B93: ='Grille audit croisé'!D54 -> 0
A94: ='Grille audit croisé'!A55 -> ADMINISTRATION ET SUIVI THERAPEUTIQUE
A95: ='Grille audit croisé'!A56 -> 47 | B95: ='Grille audit croisé'!D56 -> 0
A96: ='Grille audit croisé'!A57 -> 48 | B96: ='Grille audit croisé'!D57 -> 0
A97: ='Grille audit croisé'!A58 -> 49 | B97: ='Grille audit croisé'!D58 -> 0
A98: ='Grille audit croisé'!A59 -> 50 | B98: ='Grille audit croisé'!D59 -> 0
A99: ='Grille audit croisé'!A60 -> 51 | B99: ='Grille audit croisé'!D60 -> 0
A100: ='Grille audit croisé'!A61 -> 52 | B100: ='Grille audit croisé'!D61 -> 0
A101: ='Grille audit croisé'!A62 -> 53 | B101: ='Grille audit croisé'!D62 -> 0
A102: ='Grille audit croisé'!A63 -> 54 | B102: ='Grille audit croisé'!D63 -> 0
A103: ='Grille audit croisé'!A64 -> 55 | B103: ='Grille audit croisé'!D64 -> 0
A104: ='Grille audit croisé'!A65 -> 56 | B104: ='Grille audit croisé'!D65 -> 0
A105: ='Grille audit croisé'!A66 -> 57 | B105: ='Grille audit croisé'!D66 -> 0
...

Sheet Valid données
A1: Oui | B1: Oui | C1: Oui | D1: Oui | E1: Oui
A2: Non | B2: Non | C2: En grande partie | D2: En grande partie | E2: Non
B3: NA | C3: Partiellement | D3: Partiellement | E3: Partiellement
C4: Non | D4: Non
D5: NA
A7: Réalisée
A8: Partiellement réalisée
A9: En cours
A10: Non engagée

Sheet Feuil2
B3: Test 1 | C3: NC
B4: Test 2 | C4: =IF(C3="NC","NA","") -> NA | L4: TEST
S5: C | U5: C
S6: NC | U6: NC
S7: NA
